Workbook
Name GradPcntMjrs: #REF!
Name GradPcntMjrs: #REF!
Name GradPcntSCH: #REF!
Name GradPcntSCH: #REF!
Name GSPcntMjrs: #REF!
Name GSPcntMjrs: #REF!
Name GSPcntSCH: #REF!
Name GSPcntSCH: #REF!
Name Tax: #REF!
Name Tax: #REF!
Name UGPcntDegs: #REF!
Name UGPcntDegs: #REF!
Name UGPcntSCH: #REF!
Name UGPcntSCH: #REF!

Sheet Beginning Balances
A2: Coll Code | B2: Units/Campuses | C2: FY18 Beginning Permanent GOF/DOF Budget | D2: Effect of FY18 ABB Table Allocations | F2: Central Support & Returns, Supplemental Budget & Other In Year Adjustments | G2: 2018 (June) Permanent GOF/DOF Budget | H2: 2018 (June) CF GOF/DOF Budget | I2: 2018 (June) Permanent + CF GOF/DOF Budget
E3: Check Cell - Match to ABB Table FY18 Ending
C5: SQL Query - All FY18 BGT Perm Revisions by User "BEGIN" | D5: FY2018 ABB Table Incremental Changes (All Categories) | E5: Check Cell to FY18 ABB Table | F5: YTD FY18 Perm Revisions, by user other than "Begin" | G5: SQL Query - Perm GOF/DOF Budgets Excluding Budget Family DOF4 (STF) | H5: CF GOF/DOF Budgets Excluding Budget Family DOF4 (STF) | I5: SQL Query - CF+Perm GOF/DOF Budgets Excluding Budget Family DOF4 (STF)
C6: A | D6: B | E6: C | F6: D | G6: E | H6: F | I6: G = E+F
B7: Seattle Academic Units | C7: =SUM(C8:C22) -> 651671939 | D7: =SUM(D8:D22) -> 12885581 | E7: =SUM(E8:E22) -> 6.6455752e+08 | F7: =SUM(F8:F22) -> 1840800.5 | G7: =SUM(G8:G22) -> 666622124 | H7: =SUM(H8:H22) -> -223804 | I7: =SUM(I8:I22) -> 666398320
A8: 252 | B8: College of Built Environments | C8: 12060809 | D8: -281995.66 | E8: =+C8+D8 -> 11778813 | F8: =+I8-E8 -> 40346.661 | G8: 11818535 | H8: 625 | I8: =+G8+H8 -> 11819160
A9: 254 | B9: College of Arts & Sciences | C9: 195833233 | D9: -310062.16 | E9: =+C9+D9 -> 1.9552317e+08 | F9: =+I9-E9 -> 775404.16 | G9: 196297433 | H9: 1142 | I9: =+G9+H9 -> 196298575
A10: 256 | B10: Foster School of Business | C10: 33653521 | D10: -221780.56 | E10: =+C10+D10 -> 33431740 | F10: =+I10-E10 -> 70968.561 | G10: 33501165 | H10: 1544 | I10: =+G10+H10 -> 33502709
A11: 258 | B11: College of Education | C11: 16682373 | D11: 402282.32 | E11: =+C11+D11 -> 17084655 | F11: =+I11-E11 -> 52965.676 | G11: 17136729 | H11: 892 | I11: =+G11+H11 -> 17137621
A12: 260 | B12: College of Engineering | C12: 90531793 | D12: 1369127.4 | E12: =+C12+D12 -> 91900920 | F12: =+I12-E12 -> 245484.6 | G12: 92145074 | H12: 1331 | I12: =+G12+H12 -> 92146405
A13: 263 | B13: College of the Environment | C13: 45321932 | D13: 636481.44 | E13: =+C13+D13 -> 45958413 | F13: =+I13-E13 -> 440097.56 | G13: 46397257 | H13: 1254 | I13: =+G13+H13 -> 46398511
A14: 267 | B14: The Information School | C14: 7529114 | D14: 854117.96 | E14: =+C14+D14 -> 8383232 | F14: =+I14-E14 -> 54505.036 | G14: 8326650 | H14: 111087 | I14: =+G14+H14 -> 8437737
A15: 268 | B15: School of Law | C15: 16054634 | D15: 293918.77 | E15: =+C15+D15 -> 16348553 | F15: =+I15-E15 -> -389137.77 | G15: 15959415 | H15: 0 | I15: =+G15+H15 -> 15959415
A16: 270 | B16: Evans School of Public Policy & Governance | C16: 6228025 | D16: 759587.99 | E16: =+C16+D16 -> 6987613 | F16: =+I16-E16 -> -44431.993 | G16: 6942089 | H16: 1092 | I16: =+G16+H16 -> 6943181
A17: 272 | B17: School of Social Work | C17: 9221389 | D17: 229088.91 | E17: =+C17+D17 -> 9450477.9 | F17: =+I17-E17 -> 82215.087 | G17: 9506202 | H17: 26491 | I17: =+G17+H17 -> 9532693
A18: 302 | B18: School of Dentistry | C18: 18432681 | D18: 51931.557 | E18: =+C18+D18 -> 18484613 | F18: =+I18-E18 -> -189782.56 | G18: 18419322 | H18: -124492 | I18: =+G18+H18 -> 18294830
A19: 304 | B19: School of Medicine (Includes 303) | C19: 154451489 | D19: 6247593.5 | E19: =+C19+D19 -> 1.6069908e+08 | F19: =+I19-E19 -> 791688.55 | G19: 161489607 | H19: 1164 | I19: =+G19+H19 -> 161490771
... A22: 310 | B22: School of Public Health | C22: 20521676 | D22: 2030287.5 | E22: =+C22+D22 -> 22551964 | F22: =+I22-E22 -> -102354.55 | G22: 22780910 | H22: -331301 | I22: =+G22+H22 -> 22449609
B23: Seattle Administrative Units | C23: =+C24+C32+C38 -> 380672195 | D23: =+D24+D32+D38 -> -394206.24 | E23: =+E24+E32+E38 -> 3.8027799e+08 | F23: =+F24+F32+F38 -> 15168427 | G23: =+G24+G32+G38 -> 394834540 | H23: =+H24+H32+H38 -> 611876 | I23: =+I24+I32+I38 -> 395446416
B24: Institutional Infrastructure | C24: =SUM(C25:C31) -> 266591559 | D24: =SUM(D25:D31) -> 251240.57 | E24: =SUM(E25:E31) -> 2.668428e+08 | F24: =SUM(F25:F31) -> 11442967 | G24: =SUM(G25:G31) -> 277870887 | H24: =SUM(H25:H31) -> 414880 | I24: =SUM(I25:I31) -> 278285767
A25: 200 | B25: President | C25: 3447377 | D25: 0 | E25: =+C25+D25 -> 3447377 | F25: =+I25-E25 -> -137042 | G25: 3301716 | H25: 8619 | I25: =+G25+H25 -> 3310335
A26: 201 | B26: Attorney General | C26: 4068424 | D26: 0 | E26: =+C26+D26 -> 4068424 | F26: =+I26-E26 -> 331418 | G26: 4399187 | H26: 655 | I26: =+G26+H26 -> 4399842
A27: 202 | B27: Provost | C27: 37229121 | D27: 488441.82 | E27: =+C27+D27 -> 37717563 | F27: =+I27-E27 -> 2009444.2 | G27: 39666222 | H27: 60785 | I27: =+G27+H27 -> 39727007
A28: 205 | B28: Finance and Administration | C28: 190129490 | D28: 15836.751 | E28: =+C28+D28 -> 1.9014533e+08 | F28: =+I28-E28 -> 8654451.2 | G28: 198511791 | H28: 287987 | I28: =+G28+H28 -> 198799778
A29: 214 | B29: External Affairs | C29: 2658672 | D29: 0 | E29: =+C29+D29 -> 2658672 | F29: =+I29-E29 -> 41082 | G29: 2693122 | H29: 6632 | I29: =+G29+H29 -> 2699754
A30: 215 | B30: Advancement | C30: 16019778 | D30: -253038 | E30: =+C30+D30 -> 15766740 | F30: =+I30-E30 -> 543614 | G30: 16260152 | H30: 50202 | I30: =+G30+H30 -> 16310354
A31: 312 | B31: Medical Centers Administration | C31: 13038697 | D31: 0 | E31: =+C31+D31 -> 13038697 | F31: =+I31-E31 -> 0 | G31: 13038697 | H31: 0 | I31: =+G31+H31 -> 13038697
B32: Instructional & Student Support | C32: =SUM(C33:C37) -> 42379749 | D32: =SUM(D33:D37) -> 399214.27 | E32: =SUM(E33:E37) -> 42778963 | F32: =SUM(F33:F37) -> 1340284.7 | G32: =SUM(G33:G37) -> 44042106 | H32: =SUM(H33:H37) -> 77142 | I32: =SUM(I33:I37) -> 44119248
A33: 206 | B33: Office of Minority Affairs & Diversity | C33: 8189445 | D33: 6260.602 | E33: =+C33+D33 -> 8195705.6 | F33: =+I33-E33 -> 161921.4 | G33: 8337832 | H33: 19795 | I33: =+G33+H33 -> 8357627
A34: 212 | B34: Student Life | C34: 14266015 | D34: 148995.96 | E34: =+C34+D34 -> 14415011 | F34: =+I34-E34 -> 1118478 | G34: 15509666 | H34: 23823 | I34: =+G34+H34 -> 15533489
A35: 255 | B35: Continuum College | C35: 2416329 | D35: 805.669 | E35: =+C35+D35 -> 2417134.7 | F35: =+I35-E35 -> -599999.67 | G35: 1817135 | H35: 0 | I35: =+G35+H35 -> 1817135
A36: 266 | B36: Graduate School | C36: 9621322 | D36: 230450.49 | E36: =+C36+D36 -> 9851772.5 | F36: =+I36-E36 -> 500577.51 | G36: 10333872 | H36: 18478 | I36: =+G36+H36 -> 10352350
A37: 282 | B37: Undergraduate Academic Affairs | C37: 7886638 | D37: 12701.556 | E37: =+C37+D37 -> 7899339.6 | F37: =+I37-E37 -> 159307.44 | G37: 8043601 | H37: 15046 | I37: =+G37+H37 -> 8058647
B38: Research & Innovation | C38: =SUM(C39:C42) -> 71700887 | D38: =SUM(D39:D42) -> -1044661.1 | E38: =SUM(E39:E42) -> 70656226 | F38: =SUM(F39:F42) -> 2385175.1 | G38: =SUM(G39:G42) -> 72921547 | H38: =SUM(H39:H42) -> 119854 | I38: =SUM(I39:I42) -> 73041401
A39: 207 | B39: Libraries | C39: 39180624 | D39: -49216.468 | E39: =+C39+D39 -> 39131408 | F39: =+I39-E39 -> 1082347.5 | G39: 40158250 | H39: 55505 | I39: =+G39+H39 -> 40213755
A40: 216 | B40: Research | C40: 15045909 | D40: -386521.01 | E40: =+C40+D40 -> 14659388 | F40: =+I40-E40 -> 1242767 | G40: 15867044 | H40: 35111 | I40: =+G40+H40 -> 15902155
A41: 217 | B41: CoMotion | C41: 679357 | D41: 104.093 | E41: =+C41+D41 -> 679461.09 | F41: =+I41-E41 -> 16603.907 | G41: 694243 | H41: 1822 | I41: =+G41+H41 -> 696065
A42: 301 | B42: Health Sciences Administration | C42: 16794997 | D42: -609027.7 | E42: =+C42+D42 -> 16185969 | F42: =+I42-E42 -> 43456.697 | G42: 16202010 | H42: 27416 | I42: =+G42+H42 -> 16229426
B43: Central Resources | C43: =SUM(C44:C45) -> 133843750 | D43: =SUM(D44:D45) -> 14018512 | E43: =SUM(E44:E45) -> 1.4786226e+08 | F43: =SUM(F44:F45) -> -7692072.3 | G43: =SUM(G44:G45) -> 140558262 | H43: =SUM(H44:H45) -> -388072 | I43: =SUM(I44:I45) -> 140170190
A44: 400 | B44: Central | C44: 45694899 | D44: 14018512 | E44: =+C44+D44 -> 59713411 | F44: =+I44-E44 -> -7692072.3 | G44: 52409411 | H44: -388072 | I44: =+G44+H44 -> 52021339
A45: DS | B45: Debt Service & Transfers | C45: 88148851 | D45: 0 | E45: =+C45+D45 -> 88148851 | G45: 88148851 | I45: =+G45+H45 -> 88148851
B46: Seattle Total | C46: =+C43+C23+C7 -> 1166187884 | D46: =+D43+D23+D7 -> 26509887 | E46: =+E43+E23+E7 -> 1.1926978e+09 | F46: =+F43+F23+F7 -> 9317155.5 | G46: =+G43+G23+G7 -> 1202014926 | H46: =+H43+H23+H7 -> 0 | I46: =+I43+I23+I7 -> 1202014926
A47: 500 | B47: UW Bothell | C47: 69678797 | D47: 7162010.8 | E47: =+C47+D47 -> 76840808 | F47: =+I47-E47 -> 973657.22 | G47: 77814465 | H47: 0 | I47: =+G47+H47 -> 77814465
A48: 600 | B48: UW Tacoma | C48: 65258440 | D48: 2806981.3 | E48: =+C48+D48 -> 68065421 | F48: =+I48-E48 -> 409293.74 | G48: 68474715 | H48: 0 | I48: =+G48+H48 -> 68474715
B49: Bothell and Tacoma Total | C49: =SUM(C47:C48) -> 134937237 | D49: =SUM(D47:D48) -> 9968992 | E49: =SUM(E47:E48) -> 1.4490623e+08 | F49: =SUM(F47:F48) -> 1382951 | G49: =SUM(G47:G48) -> 146289180 | H49: =SUM(H47:H48) -> 0 | I49: =SUM(I47:I48) -> 146289180
B50: Permanent GOF/DOF Total | C50: =+C46+C49 -> 1301125121 | D50: =+D46+D49 -> 36478879 | E50: =+E46+E49 -> 1.337604e+09 | F50: =+F46+F49 -> 10700106 | G50: =+G46+G49 -> 1348304106 | H50: =+H46+H49 -> 0 | I50: =+I46+I49 -> 1348304106

Sheet Tuition
A1: Coll Code | B1: Units/Campuses | C1: Tuition
C2: FY18 Base | D2: Prior Period Adjustments | E2: FY17 True Up of True Up | F2: FY18TrueUp of True Up | G2: FY18 Base Adjusted | H2: FY18 Actuals | I2: FY18 True-Up | J2: Projected FY19 Revenue | K2: Incremental FY19 Revenue | L2: FY19 Base
B3: Seattle Academic Units | C3: 3.614247e+08 | D3: =SUM(D4:D18) -> 0 | E3: =SUM(E4:E18) -> 0 | F3: =SUM(F4:F18) -> 0 | G3: =SUM(G4:G18) -> 3.614247e+08 | H3: =SUM(H4:H18) -> 3.7384922e+08 | I3: =SUM(I4:I18) -> 12424517 | J3: =SUM(J4:J18) -> 3.8242723e+08 | K3: =SUM(K4:K18) -> 8578010 | L3: =SUM(L4:L18) -> 3.8242723e+08
A4: 252 | B4: College of Built Environments | C4: 9882708.6 | G4: =C4+D4+E4+F4 -> 9882708.6 | H4: 10880360 | I4: =H4-G4 -> 997651.01 | J4: 11094096 | K4: =J4-H4 -> 213736.65 | L4: =C4+D4+I4+K4 -> 11094096
A5: 254 | B5: College of Arts & Sciences | C5: 1.7373941e+08 | G5: =C5+D5+E5+F5 -> 1.7373941e+08 | H5: 1.7877185e+08 | I5: =H5-G5 -> 5032446.9 | J5: 1.8277097e+08 | K5: =J5-H5 -> 3999114.9 | L5: =C5+D5+I5+K5 -> 1.8277097e+08
A6: 256 | B6: Foster School of Business | C6: 24776004 | G6: =C6+D6+E6+F6 -> 24776004 | H6: 24382847 | I6: =H6-G6 -> -393157.29 | J6: 24906705 | K6: =J6-H6 -> 523858.4 | L6: =C6+D6+I6+K6 -> 24906705
A7: 258 | B7: College of Education | C7: 9456948 | G7: =C7+D7+E7+F7 -> 9456948 | H7: 10397967 | I7: =H7-G7 -> 941019.23 | J7: 10601479 | K7: =J7-H7 -> 203512.12 | L7: =C7+D7+I7+K7 -> 10601479
A8: 260 | B8: College of Engineering | C8: 38471385 | G8: =C8+D8+E8+F8 -> 38471385 | H8: 41175749 | I8: =H8-G8 -> 2704364.2 | J8: 41947663 | K8: =J8-H8 -> 771914.17 | L8: =C8+D8+I8+K8 -> 41947663
A9: 263 | B9: College of the Environment | C9: 18003232 | G9: =C9+D9+E9+F9 -> 18003232 | H9: 18051952 | I9: =H9-G9 -> 48719.899 | J9: 18418844 | K9: =J9-H9 -> 366891.57 | L9: =C9+D9+I9+K9 -> 18418844
A10: 267 | B10: The Information School | C10: 5839862.9 | G10: =C10+D10+E10+F10 -> 5839862.9 | H10: 6936399.9 | I10: =H10-G10 -> 1096537 | J10: 7093699 | K10: =J10-H10 -> 157299.11 | L10: =C10+D10+I10+K10 -> 7093699
A11: 268 | B11: School of Law | C11: 11451988 | G11: =C11+D11+E11+F11 -> 11451988 | H11: 11234985 | I11: =H11-G11 -> -217003.28 | J11: 11540698 | K11: =J11-H11 -> 305713.47 | L11: =C11+D11+I11+K11 -> 11540698
A12: 270 | B12: Evans School of Public Policy & Governance | C12: 5073244.7 | G12: =C12+D12+E12+F12 -> 5073244.7 | H12: 5058739.6 | I12: =H12-G12 -> -14505.163 | J12: 5297192.3 | K12: =J12-H12 -> 238452.7 | L12: =C12+D12+I12+K12 -> 5297192.3
A13: 272 | B13: School of Social Work | C13: 4543047.1 | G13: =C13+D13+E13+F13 -> 4543047.1 | H13: 4768809.8 | I13: =H13-G13 -> 225762.77 | J13: 5128114.7 | K13: =J13-H13 -> 359304.92 | L13: =C13+D13+I13+K13 -> 5128114.7
A14: 302 | B14: School of Dentistry | C14: 7792678.5 | G14: =C14+D14+E14+F14 -> 7792678.5 | H14: 7831738.9 | I14: =H14-G14 -> 39060.39 | J14: 7733850.5 | K14: =J14-H14 -> -97888.39 | L14: =C14+D14+I14+K14 -> 7733850.5
A15: 304 | B15: School of Medicine (Includes 303) | C15: 29505346 | G15: =C15+D15+E15+F15 -> 29505346 | H15: 29819099 | I15: =H15-G15 -> 313752.76 | J15: 30892520 | K15: =J15-H15 -> 1073421.8 | L15: =C15+D15+I15+K15 -> 30892520
... A18: 310 | B18: School of Public Health | C18: 11496641 | G18: =C18+D18+E18+F18 -> 11496641 | H18: 12602738 | I18: =H18-G18 -> 1106097.2 | J18: 12808004 | K18: =J18-H18 -> 205265.92 | L18: =C18+D18+I18+K18 -> 12808004
B19: Seattle Administrative Units | C19: 5000282 | D19: 0 | E19: 0 | F19: 0 | G19: =C19+D19+E19+F19 -> 5000282 | H19: =H20+H28+H34 -> 5025661.4 | I19: =I20+I28+I34 -> 25379.332 | J19: =J20+J28+J34 -> 5114057.8 | K19: =K20+K28+K34 -> 88396.387 | L19: =L20+L28+L34 -> 5114057.8
B20: Institutional Infrastructure | C20: 321179.08 | D20: 0 | E20: 0 | F20: 0 | G20: =C20+D20+E20+F20 -> 321179.08 | H20: =SUM(H21:H27) -> 367215.41 | I20: =SUM(I21:I27) -> 46036.331 | J20: =SUM(J21:J27) -> 375785.12 | K20: =SUM(K21:K27) -> 8569.7152 | L20: =SUM(L21:L27) -> 375785.12
A21: 200 | B21: President | C21: 0 | G21: =C21+D21+E21+F21 -> 0 | I21: =H21-C21 -> 0 | K21: =J21-H21 -> 0 | L21: =C21+D21+I21+K21 -> 0
A22: 201 | B22: Attorney General | C22: 0 | G22: =C22+D22+E22+F22 -> 0 | I22: =H22-C22 -> 0 | K22: =J22-H22 -> 0 | L22: =C22+D22+I22+K22 -> 0
A23: 202 | B23: Provost | C23: 321179.08 | G23: =C23+D23+E23+F23 -> 321179.08 | H23: 367215.41 | I23: =H23-G23 -> 46036.331 | J23: 375785.12 | K23: =J23-H23 -> 8569.7152 | L23: =C23+D23+I23+K23 -> 375785.12
A24: 205 | B24: Finance and Administration | C24: 0 | G24: =C24+D24+E24+F24 -> 0 | I24: =H24-C24 -> 0 | K24: =J24-H24 -> 0 | L24: =C24+D24+I24+K24 -> 0
A25: 214 | B25: External Affairs | C25: 0 | G25: =C25+D25+E25+F25 -> 0 | I25: =H25-C25 -> 0 | K25: =J25-H25 -> 0 | L25: =C25+D25+I25+K25 -> 0
A26: 215 | B26: Advancement | C26: 0 | G26: =C26+D26+E26+F26 -> 0 | I26: =H26-C26 -> 0 | K26: =J26-H26 -> 0 | L26: =C26+D26+I26+K26 -> 0
A27: 312 | B27: Medical Centers Administration | C27: 0 | G27: =C27+D27+E27+F27 -> 0 | I27: =H27-C27 -> 0 | K27: =J27-H27 -> 0 | L27: =C27+D27+I27+K27 -> 0
B28: Instructional & Student Support | C28: 4679103 | D28: 0 | E28: 0 | F28: 0 | G28: =C28+D28+E28+F28 -> 4679103 | H28: =SUM(H29:H33) -> 4658446 | I28: =SUM(I29:I33) -> -20656.999 | J28: =SUM(J29:J33) -> 4738272.6 | K28: =SUM(K29:K33) -> 79826.672 | L28: =SUM(L29:L33) -> 4738272.6
A29: 206 | B29: Office of Minority Affairs & Diversity | C29: 0 | G29: =C29+D29+E29+F29 -> 0 | I29: =H29-C29 -> 0 | K29: =J29-H29 -> 0 | L29: =C29+D29+I29+K29 -> 0
A30: 212 | B30: Student Life | C30: 0 | G30: =C30+D30+E30+F30 -> 0 | I30: =H30-C30 -> 0 | K30: =J30-H30 -> 0 | L30: =C30+D30+I30+K30 -> 0
A31: 255 | B31: Continuum College | C31: 0 | G31: =C31+D31+E31+F31 -> 0 | I31: =H31-C31 -> 0 | K31: =J31-H31 -> 0 | L31: =C31+D31+I31+K31 -> 0
A32: 266 | B32: Graduate School | C32: 1635486.8 | G32: =C32+D32+E32+F32 -> 1635486.8 | H32: 1706111.5 | I32: =H32-G32 -> 70624.745 | J32: 1716976 | K32: =J32-H32 -> 10864.509 | L32: =C32+D32+I32+K32 -> 1716976
A33: 282 | B33: Undergraduate Academic Affairs | C33: 3043616.2 | G33: =C33+D33+E33+F33 -> 3043616.2 | H33: 2952334.5 | I33: =H33-G33 -> -91281.744 | J33: 3021296.6 | K33: =J33-H33 -> 68962.163 | L33: =C33+D33+I33+K33 -> 3021296.6
B34: Research & Innovation | C34: 0 | D34: 0 | E34: 0 | F34: 0 | G34: =C34+D34+E34+F34 -> 0 | H34: =SUM(H35:H38) -> 0 | I34: =SUM(I35:I38) -> 0 | J34: =SUM(J35:J38) -> 0 | K34: =SUM(K35:K38) -> 0 | L34: =SUM(L35:L38) -> 0
A35: 207 | B35: Libraries | C35: 0 | G35: =C35+D35+E35+F35 -> 0 | I35: =H35-C35 -> 0 | K35: =J35-H35 -> 0 | L35: =C35+D35+I35+K35 -> 0
A36: 216 | B36: Research | C36: 0 | G36: =C36+D36+E36+F36 -> 0 | I36: =H36-C36 -> 0 | K36: =J36-H36 -> 0 | L36: =C36+D36+I36+K36 -> 0
A37: 217 | B37: CoMotion | C37: 0 | G37: =C37+D37+E37+F37 -> 0 | I37: =H37-C37 -> 0 | K37: =J37-H37 -> 0 | L37: =C37+D37+I37+K37 -> 0
A38: 301 | B38: Health Sciences Administration | C38: 0 | G38: =C38+D38+E38+F38 -> 0 | I38: =H38-C38 -> 0 | K38: =J38-H38 -> 0 | L38: =C38+D38+I38+K38 -> 0
B39: Central Resources | C39: 3058643.3 | D39: 0 | E39: 0 | F39: 0 | G39: =C39+D39+E39+F39 -> 3058643.3 | H39: =SUM(H40:H41) -> 8394313.3 | I39: =SUM(I40:I41) -> 5335670 | J39: =SUM(J40:J41) -> 12108487 | K39: =SUM(K40:K41) -> 3714174.1 | L39: =SUM(L40:L41) -> 12108487
A40: 400 | B40: Central | C40: 3058643.3 | G40: =C40+D40+E40+F40 -> 3058643.3 | H40: =C40+0.3*(I3+I19)/0.7 -> 8394313.3 | I40: =H40-C40 -> 5335670 | J40: =H40+0.3*(K3+K19)/0.7 -> 12108487 | K40: =J40-H40 -> 3714174.1 | L40: =C40+D40+I40+K40 -> 12108487
B41: Debt Service & Transfers | G41: =C41+D41+E41+F41 -> 0 | I41: =H41-C41 -> 0 | K41: =J41-H41 -> 0 | L41: =C41+D41+I41+K41 -> 0
B42: Seattle Total | C42: 3.6948363e+08 | D42: =D19+D3+D39 -> 0 | E42: 0 | F42: 0 | G42: =C42+D42+E42+F42 -> 3.6948363e+08 | H42: =H19+H3+H39 -> 3.8726919e+08 | I42: =I19+I3+I39 -> 17785567 | J42: =J19+J3+J39 -> 3.9964978e+08 | K42: =K19+K3+K39 -> 12380580 | L42: =L19+L3+L39 -> 3.9964978e+08
A43: 500 | B43: UW Bothell | C43: 55597562 | D43: 47632 | E43: -62705 | F43: 1083908 | G43: =C43+D43+E43+F43 -> 56666397 | H43: 56934485 | I43: =H43-G43 -> 268088.01 | J43: 58140495 | K43: =J43-H43 -> 1206009.5 | L43: =G43+I43+K43 -> 58140495
A44: 600 | B44: UW Tacoma | C44: 44404723 | D44: -172448 | E44: 266748 | F44: 94060 | G44: =C44+D44+E44+F44 -> 44593083 | H44: 45177577 | I44: =H44-G44 -> 584493.92 | J44: 46489716 | K44: =J44-H44 -> 1312138.8 | L44: =G44+I44+K44 -> 46489716
B45: Bothell and Tacoma Total | C45: 1.0000229e+08 | D45: =SUM(D43:D44) -> -124816 | E45: =SUM(E43:E44) -> 204043 | F45: =SUM(F43:F44) -> 1177968 | G45: =SUM(G43:G44) -> 1.0125948e+08 | H45: =SUM(H43:H44) -> 102112062 | I45: =SUM(I43:I44) -> 852581.92 | J45: =SUM(J43:J44) -> 1.0463021e+08 | K45: =SUM(K43:K44) -> 2518148.4 | L45: =SUM(L43:L44) -> 1.0463021e+08
B46: Permanent GOF/DOF Total | C46: 4.6948591e+08 | D46: =D42+D45 -> -124816 | E46: =E42+E45 -> 204043 | F46: =F42+F45 -> 1177968 | G46: =G42+G45 -> 4.7074311e+08 | H46: =H42+H45 -> 4.8938126e+08 | I46: =I42+I45 -> 18638149 | J46: =J42+J45 -> 5.0427999e+08 | K46: =K42+K45 -> 14898729 | L46: =L42+L45 -> 5.0427999e+08

Sheet Summer Quarter
C1: Supplement
C2: Revised FY18 Base | D2: Incremental Increases to Offset Prior Period Funding Gap | E2: FY19 Projected Incremental Summer Tuition | F2: FY19 Total Increment | G2: FY19 Base
B3: Calculation Type | C3: Direct Copy from FY18 Table | D3: Central DOF Allocation for cumulative prior period funding gap | E3: FY19 Projected Incremental Summer Tuition | F3: Incremental DOF Increase + Proj Summer Q18 Tuition | G3: FY18 Base + FY19 Total Increment
B4: Seattle Academic Units | C4: =SUM(C5:C19) -> 500000 | D4: =SUM(D5:D19) -> 1000000 | E4: =SUM(E5:E19) -> 337037 | F4: =+D4+E4 -> 1337037 | G4: =+C4+F4 -> 1837037
A5: 252 | B5: College of Built Environments | F5: =+D5+E5 -> 0 | G5: =+C5+F5 -> 0
A6: 254 | B6: College of Arts & Sciences | F6: =+D6+E6 -> 0 | G6: =+C6+F6 -> 0
A7: 256 | B7: Foster School of Business | F7: =+D7+E7 -> 0 | G7: =+C7+F7 -> 0
A8: 258 | B8: College of Education | F8: =+D8+E8 -> 0 | G8: =+C8+F8 -> 0
A9: 260 | B9: College of Engineering | F9: =+D9+E9 -> 0 | G9: =+C9+F9 -> 0
A10: 263 | B10: College of the Environment | F10: =+D10+E10 -> 0 | G10: =+C10+F10 -> 0
A11: 267 | B11: The Information School | F11: =+D11+E11 -> 0 | G11: =+C11+F11 -> 0
A12: 268 | B12: School of Law | F12: =+D12+E12 -> 0 | G12: =+C12+F12 -> 0
A13: 270 | B13: Evans School of Public Policy & Governance | F13: =+D13+E13 -> 0 | G13: =+C13+F13 -> 0
A14: 272 | B14: School of Social Work | F14: =+D14+E14 -> 0 | G14: =+C14+F14 -> 0
A15: 302 | B15: School of Dentistry | C15: 180000 | D15: 541642 | E15: 0 | F15: =+D15+E15 -> 541642 | G15: =+C15+F15 -> 721642
A16: 304 | B16: School of Medicine (Includes 303) | C16: 320000 | D16: 458358 | E16: 337037 | F16: =+D16+E16 -> 795395 | G16: =+C16+F16 -> 1115395
A17: 306 | B17: School of Nursing | F17: =+D17+E17 -> 0 | G17: =+C17+F17 -> 0
A18: 308 | B18: School of Pharmacy | F18: =+D18+E18 -> 0 | G18: =+C18+F18 -> 0
A19: 310 | B19: School of Public Health | F19: =+D19+E19 -> 0 | G19: =+C19+F19 -> 0
B20: Seattle Administrative Units | C20: =+C21+C29+C35+C40 -> -500000 | D20: =D21+D29+D35 -> 0 | E20: =E21+E29+E35 -> 0 | F20: =+D20+E20 -> 0 | G20: =+C20+F20 -> -500000
B21: Institutional Infrastructure | C21: =SUM(C22:C28) -> 0 | D21: =SUM(D22:D28) -> 0 | E21: =SUM(E22:E28) -> 0 | F21: =+D21+E21 -> 0 | G21: =+C21+F21 -> 0
A22: 200 | B22: President | F22: =+D22+E22 -> 0 | G22: =+C22+F22 -> 0
A23: 201 | B23: Attorney General | F23: =+D23+E23 -> 0 | G23: =+C23+F23 -> 0
A24: 202 | B24: Provost | F24: =+D24+E24 -> 0 | G24: =+C24+F24 -> 0
A25: 205 | B25: Finance and Administration | F25: =+D25+E25 -> 0 | G25: =+C25+F25 -> 0
A26: 214 | B26: External Affairs | F26: =+D26+E26 -> 0 | G26: =+C26+F26 -> 0
A27: 215 | B27: Advancement | F27: =+D27+E27 -> 0 | G27: =+C27+F27 -> 0
A28: 312 | B28: Medical Centers Administration | F28: =+D28+E28 -> 0 | G28: =+C28+F28 -> 0
B29: Instructional & Student Support | C29: =SUM(C30:C34) -> 0 | D29: =SUM(D30:D34) -> 0 | E29: =SUM(E30:E34) -> 0 | F29: =+D29+E29 -> 0 | G29: =+C29+F29 -> 0
A30: 206 | B30: Office of Minority Affairs & Diversity | F30: =+D30+E30 -> 0 | G30: =+C30+F30 -> 0
A31: 212 | B31: Student Life | F31: =+D31+E31 -> 0 | G31: =+C31+F31 -> 0
A32: 255 | B32: Continuum College | F32: =+D32+E32 -> 0 | G32: =+C32+F32 -> 0
A33: 266 | B33: Graduate School | F33: =+D33+E33 -> 0 | G33: =+C33+F33 -> 0
A34: 282 | B34: Undergraduate Academic Affairs | F34: =+D34+E34 -> 0 | G34: =+C34+F34 -> 0
B35: Research & Innovation | C35: =SUM(C36:C39) -> 0 | D35: =SUM(D36:D39) -> 0 | E35: =SUM(E36:E39) -> 0 | F35: =+D35+E35 -> 0 | G35: =+C35+F35 -> 0
A36: 207 | B36: Libraries | F36: =+D36+E36 -> 0 | G36: =+C36+F36 -> 0
A37: 216 | B37: Research | F37: =+D37+E37 -> 0 | G37: =+C37+F37 -> 0
A38: 217 | B38: CoMotion | F38: =+D38+E38 -> 0 | G38: =+C38+F38 -> 0
A39: 301 | B39: Health Sciences Administration | F39: =+D39+E39 -> 0 | G39: =+C39+F39 -> 0
B40: Central Resources | C40: =+C41+C42 -> -500000 | D40: =SUM(D41:D42) -> -1000000 | E40: =SUM(E41:E42) -> -337037 | F40: =+D40+E40 -> -1337037 | G40: =+C40+F40 -> -1837037
A41: 400 | B41: Central | C41: -500000 | D41: -1000000 | E41: -337037 | F41: =+D41+E41 -> -1337037 | G41: =+C41+F41 -> -1837037
B42: Debt Service & Transfers | F42: =+D42+E42 -> 0 | G42: =+C42+F42 -> 0
B43: Seattle Total | C43: =+C20+C4 -> 0 | D43: =D20+D4+D40 -> 0 | E43: =E20+E4+E40 -> 0 | F43: =+D43+E43 -> 0 | G43: =+C43+F43 -> 0
A44: 500 | B44: UW Bothell | F44: =+D44+E44 -> 0 | G44: =+C44+F44 -> 0
A45: 600 | B45: UW Tacoma | F45: =+D45+E45 -> 0 | G45: =+C45+F45 -> 0
B46: Bothell and Tacoma Total | C46: =+C44+C45 -> 0 | D46: =SUM(D44:D45) -> 0 | E46: =SUM(E44:E45) -> 0 | F46: =+D46+E46 -> 0 | G46: =+C46+F46 -> 0
B47: Permanent GOF/DOF Total | C47: =+C46+C43 -> 0 | D47: =D43+D46 -> 0 | E47: =E43+E46 -> 0 | F47: =+D47+E47 -> 0 | G47: =+C47+F47 -> 0
B48: Temporary Provisos | F48: =+D48+E48 -> 0 | G48: =+C48+F48 -> 0
B49: Grand Total | C49: =+C47+C48 -> 0 | D49: =D47+D48 -> 0 | E49: =E47+E48 -> 0 | F49: =+D49+E49 -> 0 | G49: =+C49+F49 -> 0

Sheet ICR
A1: Coll Code | B1: Units/Campuses | C1: ICR
C2: FY18 Base | D2: FY19 Base | E2: Increment | F2: Adjustment to FY19 | G2: Increment FY19 | H2: FY19 Base
C3: "AY18 Allocation Table" | D3: "ICR" | E3: calculated | F3: Hardcoded based on BO notes (also captured in CTDB) | G3: calculated | H3: calculated
B4: Seattle Academic Units | C4: =SUM(C5:C19) -> 83385589 | D4: =SUM(D5:D19) -> 86911539 | E4: =SUM(E5:E19) -> 3525950 | F4: =SUM(F5:F19) -> 0 | G4: =SUM(G5:G19) -> 3525950 | H4: =SUM(H5:H19) -> 86911539
A5: 252 | B5: College of Built Environments | C5: 113488 | D5: 121968 | E5: =+D5-C5 -> 8480 | G5: =+E5+F5 -> 8480 | H5: =+C5+G5 -> 121968
A6: 254 | B6: College of Arts & Sciences | C6: 7518738 | D6: 7394147 | E6: =+D6-C6 -> -124591 | G6: =+E6+F6 -> -124591 | H6: =+C6+G6 -> 7394147
A7: 256 | B7: Foster School of Business | C7: 38337 | D7: 47859 | E7: =+D7-C7 -> 9522 | G7: =+E7+F7 -> 9522 | H7: =+C7+G7 -> 47859
A8: 258 | B8: College of Education | C8: 1330478 | D8: 1251890 | E8: =+D8-C8 -> -78588 | G8: =+E8+F8 -> -78588 | H8: =+C8+G8 -> 1251890
A9: 260 | B9: College of Engineering | C9: 9376901 | D9: 9510651 | E9: =+D9-C9 -> 133750 | G9: =+E9+F9 -> 133750 | H9: =+C9+G9 -> 9510651
A10: 263 | B10: College of the Environment | C10: 5598495 | D10: 5746693 | E10: =+D10-C10 -> 148198 | G10: =+E10+F10 -> 148198 | H10: =+C10+G10 -> 5746693
A11: 267 | B11: The Information School | C11: 337978 | D11: 369190 | E11: =+D11-C11 -> 31212 | G11: =+E11+F11 -> 31212 | H11: =+C11+G11 -> 369190
A12: 268 | B12: School of Law | C12: 283619 | D12: 188319 | E12: =+D12-C12 -> -95300 | G12: =+E12+F12 -> -95300 | H12: =+C12+G12 -> 188319
A13: 270 | B13: Evans School of Public Policy & Governance | C13: 240363 | D13: 264951 | E13: =+D13-C13 -> 24588 | G13: =+E13+F13 -> 24588 | H13: =+C13+G13 -> 264951
A14: 272 | B14: School of Social Work | C14: 877352 | D14: 740580 | E14: =+D14-C14 -> -136772 | G14: =+E14+F14 -> -136772 | H14: =+C14+G14 -> 740580
A15: 302 | B15: School of Dentistry | C15: 362901 | D15: 270611 | E15: =+D15-C15 -> -92290 | G15: =+E15+F15 -> -92290 | H15: =+C15+G15 -> 270611
A16: 304 | B16: School of Medicine (Includes 303) | C16: 48391270 | D16: 50923983 | E16: =+D16-C16 -> 2532713 | G16: =+E16+F16 -> 2532713 | H16: =+C16+G16 -> 50923983
... A19: 310 | B19: School of Public Health | C19: 5964238 | D19: 6669830 | E19: =+D19-C19 -> 705592 | G19: =+E19+F19 -> 705592 | H19: =+C19+G19 -> 6669830
B20: Seattle Administrative Units | C20: =+C21+C29+C35 -> 4543313 | D20: =+D21+D29+D35 -> 5126386 | E20: =+E21+E29+E35 -> 583073 | F20: =+F21+F29+F35 -> 0 | G20: =+G21+G29+G35 -> 583073 | H20: =+H21+H29+H35 -> 5126386
B21: Institutional Infrastructure | C21: =SUM(C22:C28) -> 26735 | D21: =SUM(D22:D28) -> 25106 | E21: =SUM(E22:E28) -> -1629 | F21: =SUM(F22:F28) -> 0 | G21: =SUM(G22:G28) -> -1629 | H21: =SUM(H22:H28) -> 25106
A22: 200 | B22: President | C22: 0 | D22: 0 | E22: =+D22-C22 -> 0 | G22: =+E22+F22 -> 0 | H22: =+C22+G22 -> 0
A23: 201 | B23: Attorney General | C23: 0 | D23: 0 | E23: =+D23-C23 -> 0 | G23: =+E23+F23 -> 0 | H23: =+C23+G23 -> 0
A24: 202 | B24: Provost | C24: 2084 | D24: 2751 | E24: =+D24-C24 -> 667 | G24: =+E24+F24 -> 667 | H24: =+C24+G24 -> 2751
A25: 205 | B25: Finance and Administration | C25: 24651 | D25: 22355 | E25: =+D25-C25 -> -2296 | G25: =+E25+F25 -> -2296 | H25: =+C25+G25 -> 22355
A26: 214 | B26: External Affairs | C26: 0 | D26: 0 | E26: =+D26-C26 -> 0 | G26: =+E26+F26 -> 0 | H26: =+C26+G26 -> 0
A27: 215 | B27: Advancement | C27: 0 | D27: 0 | E27: =+D27-C27 -> 0 | G27: =+E27+F27 -> 0 | H27: =+C27+G27 -> 0
A28: 312 | B28: Medical Centers Administration | C28: 0 | D28: 0 | E28: =+D28-C28 -> 0 | G28: =+E28+F28 -> 0 | H28: =+C28+G28 -> 0
B29: Instructional & Student Support | C29: =SUM(C30:C34) -> 220175 | D29: =SUM(D30:D34) -> 211400 | E29: =SUM(E30:E34) -> -8775 | F29: =SUM(F30:F34) -> 0 | G29: =SUM(G30:G34) -> -8775 | H29: =SUM(H30:H34) -> 211400
A30: 206 | B30: Office of Minority Affairs & Diversity | C30: 145895 | D30: 140368 | E30: =+D30-C30 -> -5527 | G30: =+E30+F30 -> -5527 | H30: =+C30+G30 -> 140368
A31: 212 | B31: Student Life | C31: 2290 | D31: 3486 | E31: =+D31-C31 -> 1196 | G31: =+E31+F31 -> 1196 | H31: =+C31+G31 -> 3486
A32: 255 | B32: Continuum College | C32: 5017 | D32: 2920 | E32: =+D32-C32 -> -2097 | G32: =+E32+F32 -> -2097 | H32: =+C32+G32 -> 2920
A33: 266 | B33: Graduate School | C33: 47951 | D33: 36368 | E33: =+D33-C33 -> -11583 | G33: =+E33+F33 -> -11583 | H33: =+C33+G33 -> 36368
A34: 282 | B34: Undergraduate Academic Affairs | C34: 19022 | D34: 28258 | E34: =+D34-C34 -> 9236 | G34: =+E34+F34 -> 9236 | H34: =+C34+G34 -> 28258
B35: Research & Innovation | C35: =SUM(C36:C39) -> 4296403 | D35: =SUM(D36:D39) -> 4889880 | E35: =SUM(E36:E39) -> 593477 | F35: =SUM(F36:F39) -> 0 | G35: =SUM(G36:G39) -> 593477 | H35: =SUM(H36:H39) -> 4889880
A36: 207 | B36: Libraries | C36: 139896 | D36: 143037 | E36: =+D36-C36 -> 3141 | G36: =+E36+F36 -> 3141 | H36: =+C36+G36 -> 143037
A37: 216 | B37: Research | C37: 2242021 | D37: 2590390 | E37: =+D37-C37 -> 348369 | G37: =+E37+F37 -> 348369 | H37: =+C37+G37 -> 2590390
A38: 217 | B38: CoMotion | C38: 345 | D38: 1755 | E38: =+D38-C38 -> 1410 | G38: =+E38+F38 -> 1410 | H38: =+C38+G38 -> 1755
A39: 301 | B39: Health Sciences Administration | C39: 1914141 | D39: 2154698 | E39: =+D39-C39 -> 240557 | G39: =+E39+F39 -> 240557 | H39: =+C39+G39 -> 2154698
B40: Central Resources | C40: =SUM(C41:C42) -> -1008256 | D40: =SUM(D41:D42) -> -1008256 | E40: =SUM(E41:E42) -> 0 | F40: =SUM(F41:F42) -> 0 | G40: =SUM(G41:G42) -> 0 | H40: =SUM(H41:H42) -> -1008256
A41: 400 | B41: Central | C41: -1008256 | D41: -1008256 | E41: =+D41-C41 -> 0 | G41: =+E41+F41 -> 0 | H41: =+C41+G41 -> -1008256
B42: Debt Service & Transfers
B43: Seattle Total | C43: =+C40+C20+C4 -> 86920646 | D43: =+D40+D20+D4 -> 91029669 | E43: =+E40+E20+E4 -> 4109023 | F43: =+F40+F20+F4 -> 0 | G43: =+G40+G20+G4 -> 4109023 | H43: =+H40+H20+H4 -> 91029669
A44: 500 | B44: UW Bothell | C44: 0 | D44: 0 | G44: =+E44+F44 -> 0 | H44: =+C44+G44 -> 0
A45: 600 | B45: UW Tacoma | C45: 0 | D45: 0 | G45: =+E45+F45 -> 0 | H45: =+C45+G45 -> 0
B46: Bothell and Tacoma Total | C46: =SUM(C44:C45) -> 0 | D46: =SUM(D44:D45) -> 0 | E46: =SUM(E44:E45) -> 0 | F46: =SUM(F44:F45) -> 0 | G46: =SUM(G44:G45) -> 0 | H46: =SUM(H44:H45) -> 0
B47: Permanent GOF/DOF Total | C47: =+C43+C46 -> 86920646 | D47: =+D43+D46 -> 91029669 | E47: =+E43+E46 -> 4109023 | F47: =+F43+F46 -> 0 | G47: =+G43+G46 -> 4109023 | H47: =+H43+H46 -> 91029669
B48: Temporary Provisos
B49: Grand Total | C49: =+C47+C48 -> 86920646 | D49: =+D47+D48 -> 91029669 | E49: =+E47+E48 -> 4109023 | F49: =+F47+F48 -> 0 | G49: =+G47+G48 -> 4109023 | H49: =+H47+H48 -> 91029669

Sheet MiscFees
C1: Miscellaneous Fees
C2: FY18 Base | D2: FY18 Adj to Actual (Rounding Issue) | E2: FY18 Adj Base | F2: True-Up | G2: FY19 Base
B3: Source Document | C3: "AY18 Allocation Table" | D3: Accounts for rounding error applied in FY18 Table | E3: A+B | F3: E-C | G3: "Misc Fees" actuals, distributed via ABB mechanisms
B4: Seattle Academic Units | C4: =SUM(C5:C19) -> 268800 | D4: =SUM(D5:D19) -> 263 | E4: =SUM(E5:E19) -> 269063 | F4: =SUM(F5:F19) -> 22814 | G4: =SUM(G5:G19) -> 291877
A5: 252 | B5: College of Built Environments | C5: 0 | D5: =+E5-C5 -> 0 | E5: 0 | F5: =+G5-E5 -> 0 | G5: 0
A6: 254 | B6: College of Arts & Sciences | C6: 0 | D6: =+E6-C6 -> 0 | E6: 0 | F6: =+G6-E6 -> 0 | G6: 0
A7: 256 | B7: Foster School of Business | C7: 0 | D7: =+E7-C7 -> 0 | E7: 0 | F7: =+G7-E7 -> 0 | G7: 0
A8: 258 | B8: College of Education | C8: 0 | D8: =+E8-C8 -> 0 | E8: 0 | F8: =+G8-E8 -> 0 | G8: 0
A9: 260 | B9: College of Engineering | C9: 0 | D9: =+E9-C9 -> 0 | E9: 0 | F9: =+G9-E9 -> 0 | G9: 0
A10: 263 | B10: College of the Environment | C10: 0 | D10: =+E10-C10 -> 0 | E10: 0 | F10: =+G10-E10 -> 0 | G10: 0
A11: 267 | B11: The Information School | C11: 0 | D11: =+E11-C11 -> 0 | E11: 0 | F11: =+G11-E11 -> 0 | G11: 0
A12: 268 | B12: School of Law | C12: 72100 | D12: =+E12-C12 -> 211 | E12: 72311 | F12: =+G12-E12 -> 10406 | G12: 82717
A13: 270 | B13: Evans School of Public Policy & Governance | C13: 0 | D13: =+E13-C13 -> 0 | E13: 0 | F13: =+G13-E13 -> 0 | G13: 0
A14: 272 | B14: School of Social Work | C14: 0 | D14: =+E14-C14 -> 0 | E14: 0 | F14: =+G14-E14 -> 0 | G14: 0
A15: 302 | B15: School of Dentistry | C15: 122360 | D15: =+E15-C15 -> 225.4 | E15: 122585.4 | F15: =+G15-E15 -> 24541.92 | G15: 147127.32
A16: 304 | B16: School of Medicine (Includes 303) | C16: 51100 | D16: =+E16-C16 -> -369 | E16: 50731 | F16: =+G16-E16 -> -1492 | G16: 49239
... A19: 310 | B19: School of Public Health | C19: 0 | D19: =+E19-C19 -> 0 | E19: 0 | F19: =+G19-E19 -> 0 | G19: 0
B20: Seattle Administrative Units | C20: =+C21+C29+C35 -> 5329100 | D20: =+D21+D29+D35 -> -317 | E20: =+E21+E29+E35 -> 5328783 | F20: =+F21+F29+F35 -> 606334 | G20: =+G21+G29+G35 -> 5935117
B21: Institutional Infrastructure | C21: =SUM(C22:C28) -> 2482970 | D21: =SUM(D22:D28) -> 224 | E21: =SUM(E22:E28) -> 2483194 | F21: =SUM(F22:F28) -> 475141.6 | G21: =SUM(G22:G28) -> 2958335.6
A22: 200 | B22: President | C22: 0 | D22: =+E22-C22 -> 0 | E22: 0 | F22: =+G22-E22 -> 0 | G22: 0
A23: 201 | B23: Attorney General | C23: 0 | D23: =+E23-C23 -> 0 | E23: 0 | F23: =+G23-E23 -> 0 | G23: 0
A24: 202 | B24: Provost | C24: 2191070 | D24: =+E24-C24 -> 259 | E24: 2191329 | F24: =+G24-E24 -> 402114.6 | G24: 2593443.6
A25: 205 | B25: Finance and Administration | C25: 291900 | D25: =+E25-C25 -> -35 | E25: 291865 | F25: =+G25-E25 -> 73027 | G25: 364892
A26: 214 | B26: External Affairs | C26: 0 | D26: =+E26-C26 -> 0 | E26: 0 | F26: =+G26-E26 -> 0 | G26: 0
A27: 215 | B27: Advancement | C27: 0 | D27: =+E27-C27 -> 0 | E27: 0 | F27: =+G27-E27 -> 0 | G27: 0
A28: 312 | B28: Medical Centers Administration | C28: 0 | D28: =+E28-C28 -> 0 | E28: 0 | F28: =+G28-E28 -> 0 | G28: 0
B29: Instructional & Student Support | C29: =SUM(C30:C34) -> 2797130 | D29: =SUM(D30:D34) -> -292 | E29: =SUM(E30:E34) -> 2796838 | F29: =SUM(F30:F34) -> 137467.4 | G29: =SUM(G30:G34) -> 2934305.4
A30: 206 | B30: Office of Minority Affairs & Diversity | C30: 0 | D30: =+E30-C30 -> 0 | E30: 0 | F30: =+G30-E30 -> 0 | G30: 0
A31: 212 | B31: Student Life | C31: 632730 | D31: =+E31-C31 -> 6 | E31: 632736 | F31: =+G31-E31 -> 118319.4 | G31: 751055.4
A32: 255 | B32: Continuum College | C32: 0 | D32: =+E32-C32 -> 0 | E32: 0 | F32: =+G32-E32 -> 0 | G32: 0
A33: 266 | B33: Graduate School | C33: 2164400 | D33: =+E33-C33 -> -298 | E33: 2164102 | F33: =+G33-E33 -> 19148 | G33: 2183250
A34: 282 | B34: Undergraduate Academic Affairs | C34: 0 | D34: =+E34-C34 -> 0 | E34: 0 | F34: =+G34-E34 -> 0 | G34: 0
B35: Research & Innovation | C35: =SUM(C36:C39) -> 49000 | D35: =SUM(D36:D39) -> -249 | E35: =SUM(E36:E39) -> 48751 | F35: =SUM(F36:F39) -> -6275 | G35: =SUM(G36:G39) -> 42476
A36: 207 | B36: Libraries | C36: 49000 | D36: =+E36-C36 -> -249 | E36: 48751 | F36: =+G36-E36 -> -6275 | G36: 42476
A37: 216 | B37: Research | C37: 0 | D37: =+E37-C37 -> 0 | E37: 0 | F37: =+G37-E37 -> 0 | G37: 0
A38: 217 | B38: CoMotion | C38: 0 | D38: =+E38-C38 -> 0 | E38: 0 | F38: =+G38-E38 -> 0 | G38: 0
A39: 301 | B39: Health Sciences Administration | C39: 0 | D39: =+E39-C39 -> 0 | E39: 0 | F39: =+G39-E39 -> 0 | G39: 0
B40: Central Resources | C40: =SUM(C41:C42) -> 0 | D40: =SUM(D41:D42) -> 0 | E40: =SUM(E41:E42) -> 0 | F40: =SUM(F41:F42) -> 0 | G40: =SUM(G41:G42) -> 0
A41: 400 | B41: Central | C41: 0 | D41: =+E41-C41 -> 0 | E41: 0 | F41: =+G41-C41 -> 0 | G41: 0
B42: Debt Service & Transfers | C42: 0 | D42: =+E42-C42 -> 0 | E42: 0 | F42: =+G42-C42 -> 0 | G42: 0
B43: Seattle Total | C43: =+C40+C20+C4 -> 5597900 | D43: =+D40+D20+D4 -> -54 | E43: =+E40+E20+E4 -> 5597846 | F43: =+F40+F20+F4 -> 629148 | G43: =+G40+G20+G4 -> 6226994
A44: 500 | B44: UW Bothell | C44: 0 | D44: =+E44-C44 -> 0 | E44: 0 | F44: =+G44-C44 -> 0 | G44: 0
A45: 600 | B45: UW Tacoma | C45: 0 | D45: =+E45-C45 -> 0 | E45: 0 | F45: =+G45-C45 -> 0 | G45: 0
B46: Bothell and Tacoma Total | C46: =SUM(C44:C45) -> 0 | D46: =SUM(D44:D45) -> 0 | E46: =SUM(E44:E45) -> 0 | F46: =SUM(F44:F45) -> 0 | G46: =SUM(G44:G45) -> 0
B47: Permanent GOF/DOF Total | C47: =+C43+C46 -> 5597900 | D47: =+D43+D46 -> -54 | E47: =+E43+E46 -> 5597846 | F47: =+F43+F46 -> 629148 | G47: =+G43+G46 -> 6226994
B48: Temporary Provisos | C48: 0 | D48: =+E48-C48 -> 0 | F48: 0 | G48: =+C48+F48 -> 0
B49: Grand Total | C49: =+C47+C48 -> 5597900 | D49: =+D47+D48 -> -54 | E49: =+E47+E48 -> 5597846 | F49: =+F47+F48 -> 629148 | G49: =+G47+G48 -> 6226994

Sheet Supplement
C1: Supplement
C2: Revised FY18 Base | D2: Inflation Adjustment for Backfill | E2: ABB Tuition Parameter and Mapping Changes | F2: State-Funded Benefit Changes | G2: State Funded Merit Increases | H2: State-Funded Compensation Changes | I2: Provisos | J2: State and local funds not yet allocated for use | K2: Legislative Directives | L2: Centrally Funded Initiatives/Returns to Central | M2: FY19 Supplement
B3: Calculation Type | C3: Direct Copy from FY18 Table | D3: UG Revenue Share, by College/Campus X Backfill Inflation Allocation from State | E3: calculated | F3: Campus share of Budgeted GOF positions x Benefit Allocation from State | G3: Campus share of Budgeted GOF positions x Salary Allocation from State | H3: Benefit+Merit | I3: Incremental Change to Perm Provisos Allocated to Units | J3: M&O Allocation from State | K3: Provisos + Unallocated | L3: Sum of Perm Allocations to(From) Units | M3: FY18 Base + Backfill + Mapping Changes + Comp Changes + Leg Directives + Centrally Funded Initatives
B4: Source Document | C4: FY18 ABB Allocation Table | D4: SQL Query | E4: calculated | F4: Calculate using position download + other values | G4: Calculate using position download + other values | H4: calculated | I4: From Becka | J4: From Becka | K4: calculated | L4: CTDB Perm FY19 Allocations | M4: calculated
B5: Seattle Academic Units | C5: =SUM(C6:C20) -> 2.2081897e+08 | D5: =SUM(D6:D20) -> 579126 | E5: =SUM(E6:E20) -> 0 | F5: =SUM(F6:F20) -> 0 | G5: =SUM(G6:G20) -> 0 | H5: =+F5+G5 -> 0 | I5: =SUM(I6:I20) -> 4077000 | J5: =SUM(J6:J20) -> 0 | K5: =+I5+J5 -> 4077000 | L5: =SUM(L6:L20) -> 5709067 | M5: =+C5+D5+E5+H5+K5+L5 -> 2.3118416e+08
A6: 252 | B6: College of Built Environments | C6: =+'Beginning Balances'!I8-Tuition!G4-'Summer Quarter'!C5-ICR!C5-MiscFees!E5 -> 1822963.4 | D6: 12990 | F6: 0 | G6: 0 | H6: =+F6+G6 -> 0 | I6: 0 | J6: 0 | K6: =+I6+J6 -> 0 | L6: 205609.36 | M6: =+C6+D6+E6+H6+K6+L6 -> 2041562.8
A7: 254 | B7: College of Arts & Sciences | C7: =+'Beginning Balances'!I9-Tuition!G5-'Summer Quarter'!C6-ICR!C6-MiscFees!E6 -> 15040431 | D7: 358953 | F7: 0 | G7: 0 | H7: =+F7+G7 -> 0 | I7: 0 | J7: 0 | K7: =+I7+J7 -> 0 | L7: 1506665.5 | M7: =+C7+D7+E7+H7+K7+L7 -> 16906049
A8: 256 | B8: Foster School of Business | C8: =+'Beginning Balances'!I10-Tuition!G6-'Summer Quarter'!C7-ICR!C7-MiscFees!E7 -> 8688367.9 | D8: 41140 | F8: 0 | G8: 0 | H8: =+F8+G8 -> 0 | I8: 0 | J8: 0 | K8: =+I8+J8 -> 0 | L8: 356184.58 | M8: =+C8+D8+E8+H8+K8+L8 -> 9085692.5
A9: 258 | B9: College of Education | C9: =+'Beginning Balances'!I11-Tuition!G7-'Summer Quarter'!C8-ICR!C8-MiscFees!E8 -> 6350195 | D9: 12609 | F9: 0 | G9: 0 | H9: =+F9+G9 -> 0 | I9: 0 | J9: 0 | K9: =+I9+J9 -> 0 | L9: 135074.54 | M9: =+C9+D9+E9+H9+K9+L9 -> 6497878.5
A10: 260 | B10: College of Engineering | C10: =+'Beginning Balances'!I12-Tuition!G8-'Summer Quarter'!C9-ICR!C9-MiscFees!E9 -> 44298119 | D10: 65677 | F10: 0 | G10: 0 | H10: =+F10+G10 -> 0 | I10: 3000000 | J10: 0 | K10: =+I10+J10 -> 3000000 | L10: 649412.48 | M10: =+C10+D10+E10+H10+K10+L10 -> 48013208
A11: 263 | B11: College of the Environment | C11: =+'Beginning Balances'!I13-Tuition!G9-'Summer Quarter'!C10-ICR!C10-MiscFees!E10 -> 22796784 | D11: 31278 | F11: 0 | G11: 0 | H11: =+F11+G11 -> 0 | I11: 77000 | J11: 0 | K11: =+I11+J11 -> 77000 | L11: 354977.87 | M11: =+C11+D11+E11+H11+K11+L11 -> 23260040
A12: 267 | B12: The Information School | C12: =+'Beginning Balances'!I14-Tuition!G10-'Summer Quarter'!C11-ICR!C11-MiscFees!E11 -> 2259896.1 | D12: 14146 | F12: 0 | G12: 0 | H12: =+F12+G12 -> 0 | I12: 0 | J12: 0 | K12: =+I12+J12 -> 0 | L12: 60294.715 | M12: =+C12+D12+E12+H12+K12+L12 -> 2334336.8
A13: 268 | B13: School of Law | C13: =+'Beginning Balances'!I15-Tuition!G11-'Summer Quarter'!C12-ICR!C12-MiscFees!E12 -> 4151497.1 | D13: 217 | F13: 0 | G13: 0 | H13: =+F13+G13 -> 0 | I13: 0 | J13: 0 | K13: =+I13+J13 -> 0 | L13: 541646.18 | M13: =+C13+D13+E13+H13+K13+L13 -> 4693360.3
A14: 270 | B14: Evans School of Public Policy & Governance | C14: =+'Beginning Balances'!I16-Tuition!G12-'Summer Quarter'!C13-ICR!C13-MiscFees!E13 -> 1629573.3 | D14: 285 | F14: 0 | G14: 0 | H14: =+F14+G14 -> 0 | I14: 0 | J14: 0 | K14: =+I14+J14 -> 0 | L14: 67772.445 | M14: =+C14+D14+E14+H14+K14+L14 -> 1697630.7
A15: 272 | B15: School of Social Work | C15: =+'Beginning Balances'!I17-Tuition!G13-'Summer Quarter'!C14-ICR!C14-MiscFees!E14 -> 4112293.9 | D15: 1810 | F15: 0 | G15: 0 | H15: =+F15+G15 -> 0 | I15: 0 | J15: 0 | K15: =+I15+J15 -> 0 | L15: 67602.21 | M15: =+C15+D15+E15+H15+K15+L15 -> 4181706.2
A16: 302 | B16: School of Dentistry | C16: =+'Beginning Balances'!I18-Tuition!G14-'Summer Quarter'!C15-ICR!C15-MiscFees!E15 -> 9836665.1 | D16: 19 | F16: 0 | G16: 0 | H16: =+F16+G16 -> 0 | I16: 0 | J16: 0 | K16: =+I16+J16 -> 0 | L16: 86054.423 | M16: =+C16+D16+E16+H16+K16+L16 -> 9922738.5
A17: 304 | B17: School of Medicine (Includes 303) | C17: =+'Beginning Balances'!I19-Tuition!G15-'Summer Quarter'!C16-ICR!C16-MiscFees!E16 -> 83223424 | D17: 16986 | F17: 0 | G17: 0 | H17: =+F17+G17 -> 0 | I17: 1000000 | J17: 0 | K17: =+I17+J17 -> 1000000 | L17: 1280110.3 | M17: =+C17+D17+E17+H17+K17+L17 -> 85520520
... A20: 310 | B20: School of Public Health | C20: =+'Beginning Balances'!I22-Tuition!G18-'Summer Quarter'!C19-ICR!C19-MiscFees!E19 -> 4988730.5 | D20: 16515 | F20: 0 | G20: 0 | H20: =+F20+G20 -> 0 | I20: 0 | J20: 0 | K20: =+I20+J20 -> 0 | L20: 202943.86 | M20: =+C20+D20+E20+H20+K20+L20 -> 5208189.3
B21: Seattle Administrative Units | C21: =+C22+C30+C36 -> 3.8057404e+08 | D21: =+D22+D30+D36 -> 7153 | E21: =+E22+E30+E36 -> 0 | F21: =+F22+F30+F36 -> 0 | G21: =+G22+G30+G36 -> 0 | H21: =+H22+H30+H36 -> 0 | I21: =+I22+I30+I36 -> 11000 | J21: =+J22+J30+J36 -> 0 | ... M21: =+M22+M30+M36 -> 3.7982567e+08
B22: Institutional Infrastructure | C22: =SUM(C23:C29) -> 2.7545466e+08 | D22: =SUM(D23:D29) -> 764 | E22: =SUM(E23:E29) -> 0 | F22: =SUM(F23:F29) -> 0 | G22: =SUM(G23:G29) -> 0 | H22: =+F22+G22 -> 0 | I22: =SUM(I23:I29) -> 11000 | J22: =SUM(J23:J29) -> 0 | K22: =+I22+J22 -> 11000 | L22: =SUM(L23:L29) -> -3597021 | M22: =+C22+D22+E22+H22+K22+L22 -> 2.718694e+08
A23: 200 | B23: President | C23: =+'Beginning Balances'!I25-Tuition!G21-'Summer Quarter'!C22-ICR!C22-MiscFees!E22 -> 3310335 | D23: 0 | F23: 0 | G23: 0 | H23: =+F23+G23 -> 0 | I23: 0 | J23: 0 | K23: =+I23+J23 -> 0 | L23: 0 | M23: =+C23+D23+E23+H23+K23+L23 -> 3310335
A24: 201 | B24: Attorney General | C24: =+'Beginning Balances'!I26-Tuition!G22-'Summer Quarter'!C23-ICR!C23-MiscFees!E23 -> 4399842 | D24: 0 | F24: 0 | G24: 0 | H24: =+F24+G24 -> 0 | I24: 0 | J24: 0 | K24: =+I24+J24 -> 0 | L24: 238000 | M24: =+C24+D24+E24+H24+K24+L24 -> 4637842
A25: 202 | B25: Provost | C25: =+'Beginning Balances'!I27-Tuition!G23-'Summer Quarter'!C24-ICR!C24-MiscFees!E24 -> 37212415 | D25: 764 | F25: 0 | G25: 0 | H25: =+F25+G25 -> 0 | I25: 11000 | J25: 0 | K25: =+I25+J25 -> 11000 | L25: 110764 | M25: =+C25+D25+E25+H25+K25+L25 -> 37334943
A26: 205 | B26: Finance and Administration | C26: =+'Beginning Balances'!I28-Tuition!G24-'Summer Quarter'!C25-ICR!C25-MiscFees!E25 -> 198483262 | D26: 0 | F26: 0 | G26: 0 | H26: =+F26+G26 -> 0 | I26: 0 | J26: 0 | K26: =+I26+J26 -> 0 | L26: -3945785 | M26: =+C26+D26+E26+H26+K26+L26 -> 194537477
A27: 214 | B27: External Affairs | C27: =+'Beginning Balances'!I29-Tuition!G25-'Summer Quarter'!C26-ICR!C26-MiscFees!E26 -> 2699754 | D27: 0 | F27: 0 | G27: 0 | H27: =+F27+G27 -> 0 | I27: 0 | J27: 0 | K27: =+I27+J27 -> 0 | L27: 0 | M27: =+C27+D27+E27+H27+K27+L27 -> 2699754
A28: 215 | B28: Advancement | C28: =+'Beginning Balances'!I30-Tuition!G26-'Summer Quarter'!C27-ICR!C27-MiscFees!E27 -> 16310354 | D28: 0 | F28: 0 | G28: 0 | H28: =+F28+G28 -> 0 | I28: 0 | J28: 0 | K28: =+I28+J28 -> 0 | L28: 0 | M28: =+C28+D28+E28+H28+K28+L28 -> 16310354
A29: 312 | B29: Medical Centers Administration | C29: =+'Beginning Balances'!I31-Tuition!G27-'Summer Quarter'!C28-ICR!C28-MiscFees!E28 -> 13038697 | D29: 0 | F29: 0 | G29: 0 | H29: =+F29+G29 -> 0 | I29: 0 | J29: 0 | K29: =+I29+J29 -> 0 | L29: 0 | M29: =+C29+D29+E29+H29+K29+L29 -> 13038697
B30: Instructional & Student Support | C30: =SUM(C31:C35) -> 36423132 | D30: =SUM(D31:D35) -> 6389 | E30: =SUM(E31:E35) -> 0 | F30: =SUM(F31:F35) -> 0 | G30: =SUM(G31:G35) -> 0 | H30: =+F30+G30 -> 0 | I30: =SUM(I31:I35) -> 0 | J30: =SUM(J31:J35) -> 0 | K30: =+I30+J30 -> 0 | L30: =SUM(L31:L35) -> 347499 | M30: =+C30+D30+E30+H30+K30+L30 -> 36777020
A31: 206 | B31: Office of Minority Affairs & Diversity | C31: =+'Beginning Balances'!I33-Tuition!G29-'Summer Quarter'!C30-ICR!C30-MiscFees!E30 -> 8211732 | D31: 0 | F31: 0 | G31: 0 | H31: =+F31+G31 -> 0 | I31: 0 | J31: 0 | K31: =+I31+J31 -> 0 | L31: 100000 | M31: =+C31+D31+E31+H31+K31+L31 -> 8311732
A32: 212 | B32: Student Life | C32: =+'Beginning Balances'!I34-Tuition!G30-'Summer Quarter'!C31-ICR!C31-MiscFees!E31 -> 14898463 | D32: 0 | F32: 0 | G32: 0 | H32: =+F32+G32 -> 0 | I32: 0 | J32: 0 | K32: =+I32+J32 -> 0 | L32: 747499 | M32: =+C32+D32+E32+H32+K32+L32 -> 15645962
A33: 255 | B33: Continuum College | C33: =+'Beginning Balances'!I35-Tuition!G31-'Summer Quarter'!C32-ICR!C32-MiscFees!E32 -> 1812118 | D33: 0 | F33: 0 | G33: 0 | H33: =+F33+G33 -> 0 | I33: 0 | J33: 0 | K33: =+I33+J33 -> 0 | L33: -600000 | M33: =+C33+D33+E33+H33+K33+L33 -> 1212118
A34: 266 | B34: Graduate School | C34: =+'Beginning Balances'!I36-Tuition!G32-'Summer Quarter'!C33-ICR!C33-MiscFees!E33 -> 6504810.2 | D34: 116 | F34: 0 | G34: 0 | H34: =+F34+G34 -> 0 | I34: 0 | J34: 0 | K34: =+I34+J34 -> 0 | L34: 0 | M34: =+C34+D34+E34+H34+K34+L34 -> 6504926.2
A35: 282 | B35: Undergraduate Academic Affairs | C35: =+'Beginning Balances'!I37-Tuition!G33-'Summer Quarter'!C34-ICR!C34-MiscFees!E34 -> 4996008.8 | D35: 6273 | F35: 0 | G35: 0 | H35: =+F35+G35 -> 0 | I35: 0 | J35: 0 | K35: =+I35+J35 -> 0 | L35: 100000 | M35: =+C35+D35+E35+H35+K35+L35 -> 5102281.8
B36: Research & Innovation | C36: =SUM(C37:C40) -> 68696247 | D36: =SUM(D37:D40) -> 0 | E36: =SUM(E37:E40) -> 0 | F36: =SUM(F37:F40) -> 0 | G36: =SUM(G37:G40) -> 0 | H36: =+F36+G36 -> 0 | I36: =SUM(I37:I40) -> 0 | J36: =SUM(J37:J40) -> 0 | K36: =+I36+J36 -> 0 | L36: =SUM(L37:L40) -> 2483000 | M36: =+C36+D36+E36+H36+K36+L36 -> 71179247
A37: 207 | B37: Libraries | C37: =+'Beginning Balances'!I39-Tuition!G35-'Summer Quarter'!C36-ICR!C36-MiscFees!E36 -> 40025108 | D37: 0 | F37: 0 | G37: 0 | H37: =+F37+G37 -> 0 | I37: 0 | J37: 0 | K37: =+I37+J37 -> 0 | L37: 632000 | M37: =+C37+D37+E37+H37+K37+L37 -> 40657108
A38: 216 | B38: Research | C38: =+'Beginning Balances'!I40-Tuition!G36-'Summer Quarter'!C37-ICR!C37-MiscFees!E37 -> 13660134 | D38: 0 | F38: 0 | G38: 0 | H38: =+F38+G38 -> 0 | I38: 0 | J38: 0 | K38: =+I38+J38 -> 0 | L38: 851000 | M38: =+C38+D38+E38+H38+K38+L38 -> 14511134
A39: 217 | B39: CoMotion | C39: =+'Beginning Balances'!I41-Tuition!G37-'Summer Quarter'!C38-ICR!C38-MiscFees!E38 -> 695720 | D39: 0 | F39: 0 | G39: 0 | H39: =+F39+G39 -> 0 | I39: 0 | J39: 0 | K39: =+I39+J39 -> 0 | L39: 1000000 | M39: =+C39+D39+E39+H39+K39+L39 -> 1695720
A40: 301 | B40: Health Sciences Administration | C40: =+'Beginning Balances'!I42-Tuition!G38-'Summer Quarter'!C39-ICR!C39-MiscFees!E39 -> 14315285 | D40: 0 | F40: 0 | G40: 0 | H40: =+F40+G40 -> 0 | I40: 0 | J40: 0 | K40: =+I40+J40 -> 0 | L40: 0 | M40: =+C40+D40+E40+H40+K40+L40 -> 14315285
B41: Central Resources | C41: =+C42+C43 -> 1.386198e+08 | D41: =+D42+D43 -> 251264 | E41: =+E42+E43 -> 0 | F41: =+F42+F43 -> 190948.87 | G41: =+G42+G43 -> 5893800.4 | H41: =+F41+G41 -> 6084749.3 | I41: =+I42+I43 -> 0 | J41: =+J42+J43 -> 1555000 | K41: =+I41+J41 -> 1555000 | L41: =+L42+L43 -> -9884736.4 | M41: =+C41+D41+E41+H41+K41+L41 -> 1.3662608e+08
A42: 400 | B42: Central | C42: =+'Beginning Balances'!I44-Tuition!G40-'Summer Quarter'!C41-ICR!C41-MiscFees!E41 -> 50470952 | D42: 251264 | F42: 190948.87 | G42: 5893800.4 | H42: =+F42+G42 -> 6084749.3 | I42: 0 | J42: 1555000 | K42: =+I42+J42 -> 1555000 | L42: -4942545 | M42: =+C42+D42+E42+H42+K42+L42 -> 53419420
B43: Debt Service & Transfers | C43: =+'Beginning Balances'!I45-Tuition!G41-'Summer Quarter'!C42-ICR!C42-MiscFees!E42 -> 88148851 | H43: =+F43+G43 -> 0 | K43: =+I43+J43 -> 0 | L43: -4942191.4 | M43: =+C43+D43+E43+H43+K43+L43 -> 83206660
B44: Seattle Total | C44: =+C5+C21+C41 -> 7.4001281e+08 | D44: =+D5+D21+D41 -> 837543 | E44: =+E5+E21+E41 -> 0 | F44: =+F5+F21+F41 -> 190948.87 | G44: =+G5+G21+G41 -> 5893800.4 | H44: =+H5+H21+H41 -> 6084749.3 | I44: =+I5+I21+I41 -> 4088000 | J44: =+J5+J21+J41 -> 1555000 | ... M44: =+M5+M21+M41 -> 7.4763591e+08
A45: 500 | B45: UW Bothell | C45: =+'Beginning Balances'!I47-Tuition!G43-'Summer Quarter'!C44-ICR!C44-MiscFees!E44 -> 21148068 | D45: 193113 | F45: 18832.559 | G45: 551594.72 | H45: =+F45+G45 -> 570427.28 | I45: 0 | J45: 0 | K45: =+I45+J45 -> 0 | L45: 0 | M45: =+C45+D45+E45+H45+K45+L45 -> 21911608
A46: 600 | B46: UW Tacoma | C46: =+'Beginning Balances'!I48-Tuition!G44-'Summer Quarter'!C45-ICR!C45-MiscFees!E45 -> 23881632 | D46: 165345 | F46: 17218.571 | G46: 501604.85 | H46: =+F46+G46 -> 518823.42 | I46: 200000 | J46: 23000 | K46: =+I46+J46 -> 223000 | L46: 0 | M46: =+C46+D46+E46+H46+K46+L46 -> 24788800
B47: Bothell and Tacoma Total | C47: =+C45+C46 -> 45029700 | D47: =+D45+D46 -> 358458 | E47: =+E45+E46 -> 0 | F47: =+F45+F46 -> 36051.13 | G47: =+G45+G46 -> 1053199.6 | H47: =+F47+G47 -> 1089250.7 | I47: =+I45+I46 -> 200000 | J47: =+J45+J46 -> 23000 | K47: =+I47+J47 -> 223000 | L47: =+L45+L46 -> 0 | M47: =+C47+D47+E47+H47+K47+L47 -> 46700409
B48: Permanent GOF/DOF Total | C48: =+C44+C47 -> 7.8504251e+08 | D48: =+D44+D47 -> 1196001 | E48: =+E44+E47 -> 0 | F48: =+F44+F47 -> 227000 | G48: =+G44+G47 -> 6947000 | H48: =+H44+H47 -> 7174000 | I48: =+I44+I47 -> 4288000 | J48: =+J44+J47 -> 1578000 | ... M48: =+M44+M47 -> 7.9433632e+08
B49: Temporary Provisos | C49: 1710000 | K49: 7618000 | M49: =+C49+D49+E49+H49+K49+L49 -> 9328000
B50: Grand Total | C50: =+C48+C49 -> 7.8675251e+08 | D50: =+D48+D49 -> 1196001 | E50: =+E48+E49 -> 0 | F50: =+F48+F49 -> 227000 | G50: =+G48+G49 -> 6947000 | H50: =+H48+H49 -> 7174000 | I50: =+I48+I49 -> 4288000 | J50: =+J48+J49 -> 1578000 | ... M50: =+M48+M49 -> 8.0366432e+08

Sheet FY19 ABB Alloc TBL FINAL
B1: FY19 ABB Allocation Table - as of June 30, 2018 - Final
A2: Coll Code | B2: Units/Campuses | C2: 2018 (June) Permanent + CF GOF/DOF Budget | D2: Tuition | J2: Summer Quarter | M2: ICR | S2: Miscellaneous Fees | V2: Supplement | AF2: FY19 Total ABB Budget (P+C) | AG2: FY19 Temporary State Provisos | AH2: FY19 Total Permanent ABB Budget + Temporary Provisos
D3: FY18 Adjusted Base | E3: FY18 Actuals | F3: FY18 True-Up | G3: Projected FY19 Revenue | H3: Incremental FY19 Revenue | I3: FY19 Base | J3: FY18 Summer Quarter Distribution Base | K3: FY19 Summer Quarter Incremental Allocation | L3: FY19 Summer Quarter Distribution Base | M3: FY18 Base | N3: FY19 Base | O3: Increment | P3: Adjustment to FY18 | Q3: Increment FY19 | R3: FY19 Base | S3: FY18 Adj Base | T3: True-Up | U3: FY19 Base | V3: Revised FY18 Base | W3: Inflation Adjustment for Backfill | X3: State-Funded Benefit Changes | Y3: State Funded Merit Increases | Z3: State-Funded Compensation Changes | AA3: Provisos | AB3: State and local funds not yet allocated for use | AC3: Legislative Directives | AD3: Permanent Central Support, Including Fixed Costs | AE3: FY19 Supplement
C4: A | D4: B | E4: C | F4: D = C-B | H4: E = F-C | I4: F = B+D+E | J4: G | K4: H = I-G | L4: I | M4: J | Q4: K | R4: L | S4: M | T4: N | U4: O | V4: P | W4: Q | Z4: R | AC4: S | AD4: T | AE4: U | AF4: V
M5: AM | N5: AN | O5: AN-AM | P5: AO | Q5: AQ=AP-AM | R5: AP=AN+AO | W5: BA | X5: BC | Y5: BD | Z5: BE=BC+BD
E6: From True Up and Incremental Doc | F6: calculated | G6: From True Up and Incremental Doc | H6: calculated | I6: calculated | M6: "AY17 Allocation Table" | N6: "ICR" | O6: calculated | P6: Hardcoded based on BO notes (also captured in CTDB) | Q6: calculated | R6: calculated | T6: calculated | U6: "Misc Fees" | V6: calculated | W6: SQL | X6: Calculate using position download + other values | Y6: Calculate using position download + other values | Z6: calculated | AA6: From Becka | AB6: From Becka | AC6: calculated | AD6: CTDB Perm FY19 Allocations (PRF) | AE6: calculated | AF6: calculated
B7: Seattle Academic Units | C7: =SUM(C8:C22) -> 666398320 | D7: =SUM(D8:D22) -> 3.614247e+08 | E7: =SUM(E8:E22) -> 3.7384922e+08 | F7: =SUM(F8:F22) -> 12424517 | G7: =SUM(G8:G22) -> 3.8242723e+08 | H7: =SUM(H8:H22) -> 8578010 | I7: =SUM(I8:I22) -> 3.8242723e+08 | J7: =SUM(J8:J22) -> 500000 | ... AH7: =SUM(AH8:AH22) -> 7.0309284e+08
A8: 252 | B8: College of Built Environments | C8: =SUMIF('Beginning Balances'!A:A,'FY19 ABB Alloc TBL FINAL'!A8,'Beginning Balances'!I:I) -> 11819160 | D8: =SUMIF(Tuition!A:A,'FY19 ABB Alloc TBL FINAL'!A8,Tuition!G:G) -> 9882708.6 | E8: =Tuition!H4 -> 10880360 | F8: =Tuition!I4 -> 997651.01 | G8: =Tuition!J4 -> 11094096 | H8: =Tuition!K4 -> 213736.65 | I8: =Tuition!L4 -> 11094096 | J8: =SUMIF('Summer Quarter'!$A:$A,'FY19 ABB Alloc TBL FINAL'!$A8,'Summer Quarter'!C:C) -> 0 | K8: =SUMIF('Summer Quarter'!$A:$A,'FY19 ABB Alloc TBL FINAL'!$A8,'Summer Quarter'!D:D) -> 0 | L8: =+J8+K8 -> 0 | M8: =+ICR!C5 -> 113488 | N8: =+ICR!D5 -> 121968 | O8: =+N8-M8 -> 8480 | Q8: =+O8+P8 -> 8480 | R8: =+M8+Q8 -> 121968 | S8: =+MiscFees!E5 -> 0 | T8: =+U8-S8 -> 0 | U8: =+MiscFees!G5 -> 0 | V8: =+C8-D8-J8-M8-S8 -> 1822963.4 | W8: =+Supplement!D6 -> 12990 | X8: =+Supplement!F6 -> 0 | Y8: =+Supplement!G6 -> 0 | Z8: =+X8+Y8 -> 0 | AA8: =+Supplement!I6 -> 0 | AB8: =+Supplement!J6 -> 0 | AC8: =AB8+AA8 -> 0 | AD8: =SUMIF(Supplement!A:A,'FY19 ABB Alloc TBL FINAL'!A8,Supplement!L:L) -> 205609.36 | AE8: =+V8+W8+Z8+AC8+AD8 -> 2041562.8 | AF8: =+I8+L8+R8+U8+AE8 -> 13257627 | AG8: 0 | AH8: =+AG8+AF8 -> 13257627
A9: 254 | B9: College of Arts & Sciences | C9: =SUMIF('Beginning Balances'!A:A,'FY19 ABB Alloc TBL FINAL'!A9,'Beginning Balances'!I:I) -> 196298575 | D9: =SUMIF(Tuition!A:A,'FY19 ABB Alloc TBL FINAL'!A9,Tuition!G:G) -> 1.7373941e+08 | E9: =Tuition!H5 -> 1.7877185e+08 | F9: =Tuition!I5 -> 5032446.9 | G9: =Tuition!J5 -> 1.8277097e+08 | H9: =Tuition!K5 -> 3999114.9 | I9: =Tuition!L5 -> 1.8277097e+08 | J9: =SUMIF('Summer Quarter'!$A:$A,'FY19 ABB Alloc TBL FINAL'!$A9,'Summer Quarter'!C:C) -> 0 | K9: =SUMIF('Summer Quarter'!$A:$A,'FY19 ABB Alloc TBL FINAL'!$A9,'Summer Quarter'!D:D) -> 0 | L9: =+J9+K9 -> 0 | M9: =+ICR!C6 -> 7518738 | N9: =+ICR!D6 -> 7394147 | O9: =+N9-M9 -> -124591 | Q9: =+O9+P9 -> -124591 | R9: =+M9+Q9 -> 7394147 | S9: =+MiscFees!E6 -> 0 | T9: =+U9-S9 -> 0 | U9: =+MiscFees!G6 -> 0 | V9: =+C9-D9-J9-M9-S9 -> 15040431 | W9: =+Supplement!D7 -> 358953 | X9: =+Supplement!F7 -> 0 | Y9: =+Supplement!G7 -> 0 | Z9: =+X9+Y9 -> 0 | AA9: =+Supplement!I7 -> 0 | AB9: =+Supplement!J7 -> 0 | AC9: =AB9+AA9 -> 0 | AD9: =SUMIF(Supplement!A:A,'FY19 ABB Alloc TBL FINAL'!A9,Supplement!L:L) -> 1506665.5 | AE9: =+V9+W9+Z9+AC9+AD9 -> 16906049 | AF9: =+I9+L9+R9+U9+AE9 -> 2.0707116e+08 | AG9: 172000 | AH9: =+AG9+AF9 -> 2.0724316e+08
A10: 256 | B10: Foster School of Business | C10: =SUMIF('Beginning Balances'!A:A,'FY19 ABB Alloc TBL FINAL'!A10,'Beginning Balances'!I:I) -> 33502709 | D10: =SUMIF(Tuition!A:A,'FY19 ABB Alloc TBL FINAL'!A10,Tuition!G:G) -> 24776004 | E10: =Tuition!H6 -> 24382847 | F10: =Tuition!I6 -> -393157.29 | G10: =Tuition!J6 -> 24906705 | H10: =Tuition!K6 -> 523858.4 | I10: =Tuition!L6 -> 24906705 | J10: =SUMIF('Summer Quarter'!$A:$A,'FY19 ABB Alloc TBL FINAL'!$A10,'Summer Quarter'!C:C) -> 0 | K10: =SUMIF('Summer Quarter'!$A:$A,'FY19 ABB Alloc TBL FINAL'!$A10,'Summer Quarter'!D:D) -> 0 | L10: =+J10+K10 -> 0 | M10: =+ICR!C7 -> 38337 | N10: =+ICR!D7 -> 47859 | O10: =+N10-M10 -> 9522 | Q10: =+O10+P10 -> 9522 | R10: =+M10+Q10 -> 47859 | S10: =+MiscFees!E7 -> 0 | T10: =+U10-S10 -> 0 | U10: =+MiscFees!G7 -> 0 | V10: =+C10-D10-J10-M10-S10 -> 8688367.9 | W10: =+Supplement!D8 -> 41140 | X10: =+Supplement!F8 -> 0 | Y10: =+Supplement!G8 -> 0 | Z10: =+X10+Y10 -> 0 | AA10: =+Supplement!I8 -> 0 | AB10: =+Supplement!J8 -> 0 | AC10: =AB10+AA10 -> 0 | AD10: =SUMIF(Supplement!A:A,'FY19 ABB Alloc TBL FINAL'!A10,Supplement!L:L) -> 356184.58 | AE10: =+V10+W10+Z10+AC10+AD10 -> 9085692.5 | AF10: =+I10+L10+R10+U10+AE10 -> 34040257 | AG10: 0 | AH10: =+AG10+AF10 -> 34040257
A11: 258 | B11: College of Education | C11: =SUMIF('Beginning Balances'!A:A,'FY19 ABB Alloc TBL FINAL'!A11,'Beginning Balances'!I:I) -> 17137621 | D11: =SUMIF(Tuition!A:A,'FY19 ABB Alloc TBL FINAL'!A11,Tuition!G:G) -> 9456948 | E11: =Tuition!H7 -> 10397967 | F11: =Tuition!I7 -> 941019.23 | G11: =Tuition!J7 -> 10601479 | H11: =Tuition!K7 -> 203512.12 | I11: =Tuition!L7 -> 10601479 | J11: =SUMIF('Summer Quarter'!$A:$A,'FY19 ABB Alloc TBL FINAL'!$A11,'Summer Quarter'!C:C) -> 0 | K11: =SUMIF('Summer Quarter'!$A:$A,'FY19 ABB Alloc TBL FINAL'!$A11,'Summer Quarter'!D:D) -> 0 | L11: =+J11+K11 -> 0 | M11: =+ICR!C8 -> 1330478 | N11: =+ICR!D8 -> 1251890 | O11: =+N11-M11 -> -78588 | Q11: =+O11+P11 -> -78588 | R11: =+M11+Q11 -> 1251890 | S11: =+MiscFees!E8 -> 0 | T11: =+U11-S11 -> 0 | U11: =+MiscFees!G8 -> 0 | V11: =+C11-D11-J11-M11-S11 -> 6350195 | W11: =+Supplement!D9 -> 12609 | X11: =+Supplement!F9 -> 0 | Y11: =+Supplement!G9 -> 0 | Z11: =+X11+Y11 -> 0 | AA11: =+Supplement!I9 -> 0 | AB11: =+Supplement!J9 -> 0 | AC11: =AB11+AA11 -> 0 | AD11: =SUMIF(Supplement!A:A,'FY19 ABB Alloc TBL FINAL'!A11,Supplement!L:L) -> 135074.54 | AE11: =+V11+W11+Z11+AC11+AD11 -> 6497878.5 | AF11: =+I11+L11+R11+U11+AE11 -> 18351248 | AG11: 29000 | AH11: =+AG11+AF11 -> 18380248
A12: 260 | B12: College of Engineering | C12: =SUMIF('Beginning Balances'!A:A,'FY19 ABB Alloc TBL FINAL'!A12,'Beginning Balances'!I:I) -> 92146405 | D12: =SUMIF(Tuition!A:A,'FY19 ABB Alloc TBL FINAL'!A12,Tuition!G:G) -> 38471385 | E12: =Tuition!H8 -> 41175749 | F12: =Tuition!I8 -> 2704364.2 | G12: =Tuition!J8 -> 41947663 | H12: =Tuition!K8 -> 771914.17 | I12: =Tuition!L8 -> 41947663 | J12: =SUMIF('Summer Quarter'!$A:$A,'FY19 ABB Alloc TBL FINAL'!$A12,'Summer Quarter'!C:C) -> 0 | K12: =SUMIF('Summer Quarter'!$A:$A,'FY19 ABB Alloc TBL FINAL'!$A12,'Summer Quarter'!D:D) -> 0 | L12: =+J12+K12 -> 0 | M12: =+ICR!C9 -> 9376901 | N12: =+ICR!D9 -> 9510651 | O12: =+N12-M12 -> 133750 | Q12: =+O12+P12 -> 133750 | R12: =+M12+Q12 -> 9510651 | S12: =+MiscFees!E9 -> 0 | T12: =+U12-S12 -> 0 | U12: =+MiscFees!G9 -> 0 | V12: =+C12-D12-J12-M12-S12 -> 44298119 | W12: =+Supplement!D10 -> 65677 | X12: =+Supplement!F10 -> 0 | Y12: =+Supplement!G10 -> 0 | Z12: =+X12+Y12 -> 0 | AA12: =+Supplement!I10 -> 3000000 | AB12: =+Supplement!J10 -> 0 | AC12: =AB12+AA12 -> 3000000 | AD12: =SUMIF(Supplement!A:A,'FY19 ABB Alloc TBL FINAL'!A12,Supplement!L:L) -> 649412.48 | AE12: =+V12+W12+Z12+AC12+AD12 -> 48013208 | AF12: =+I12+L12+R12+U12+AE12 -> 99471523 | AG12: 0 | AH12: =+AG12+AF12 -> 99471523
A13: 263 | B13: College of the Environment | C13: =SUMIF('Beginning Balances'!A:A,'FY19 ABB Alloc TBL FINAL'!A13,'Beginning Balances'!I:I) -> 46398511 | D13: =SUMIF(Tuition!A:A,'FY19 ABB Alloc TBL FINAL'!A13,Tuition!G:G) -> 18003232 | E13: =Tuition!H9 -> 18051952 | F13: =Tuition!I9 -> 48719.899 | G13: =Tuition!J9 -> 18418844 | H13: =Tuition!K9 -> 366891.57 | I13: =Tuition!L9 -> 18418844 | J13: =SUMIF('Summer Quarter'!$A:$A,'FY19 ABB Alloc TBL FINAL'!$A13,'Summer Quarter'!C:C) -> 0 | K13: =SUMIF('Summer Quarter'!$A:$A,'FY19 ABB Alloc TBL FINAL'!$A13,'Summer Quarter'!D:D) -> 0 | L13: =+J13+K13 -> 0 | M13: =+ICR!C10 -> 5598495 | N13: =+ICR!D10 -> 5746693 | O13: =+N13-M13 -> 148198 | Q13: =+O13+P13 -> 148198 | R13: =+M13+Q13 -> 5746693 | S13: =+MiscFees!E10 -> 0 | T13: =+U13-S13 -> 0 | U13: =+MiscFees!G10 -> 0 | V13: =+C13-D13-J13-M13-S13 -> 22796784 | W13: =+Supplement!D11 -> 31278 | X13: =+Supplement!F11 -> 0 | Y13: =+Supplement!G11 -> 0 | Z13: =+X13+Y13 -> 0 | AA13: =+Supplement!I11 -> 77000 | AB13: =+Supplement!J11 -> 0 | AC13: =AB13+AA13 -> 77000 | AD13: =SUMIF(Supplement!A:A,'FY19 ABB Alloc TBL FINAL'!A13,Supplement!L:L) -> 354977.87 | AE13: =+V13+W13+Z13+AC13+AD13 -> 23260040 | AF13: =+I13+L13+R13+U13+AE13 -> 47425576 | AG13: 10000 | AH13: =+AG13+AF13 -> 47435576
A14: 267 | B14: The Information School | C14: =SUMIF('Beginning Balances'!A:A,'FY19 ABB Alloc TBL FINAL'!A14,'Beginning Balances'!I:I) -> 8437737 | D14: =SUMIF(Tuition!A:A,'FY19 ABB Alloc TBL FINAL'!A14,Tuition!G:G) -> 5839862.9 | E14: =Tuition!H10 -> 6936399.9 | F14: =Tuition!I10 -> 1096537 | G14: =Tuition!J10 -> 7093699 | H14: =Tuition!K10 -> 157299.11 | I14: =Tuition!L10 -> 7093699 | J14: =SUMIF('Summer Quarter'!$A:$A,'FY19 ABB Alloc TBL FINAL'!$A14,'Summer Quarter'!C:C) -> 0 | K14: =SUMIF('Summer Quarter'!$A:$A,'FY19 ABB Alloc TBL FINAL'!$A14,'Summer Quarter'!D:D) -> 0 | L14: =+J14+K14 -> 0 | M14: =+ICR!C11 -> 337978 | N14: =+ICR!D11 -> 369190 | O14: =+N14-M14 -> 31212 | Q14: =+O14+P14 -> 31212 | R14: =+M14+Q14 -> 369190 | S14: =+MiscFees!E11 -> 0 | T14: =+U14-S14 -> 0 | U14: =+MiscFees!G11 -> 0 | V14: =+C14-D14-J14-M14-S14 -> 2259896.1 | W14: =+Supplement!D12 -> 14146 | X14: =+Supplement!F12 -> 0 | Y14: =+Supplement!G12 -> 0 | Z14: =+X14+Y14 -> 0 | AA14: =+Supplement!I12 -> 0 | AB14: =+Supplement!J12 -> 0 | AC14: =AB14+AA14 -> 0 | AD14: =SUMIF(Supplement!A:A,'FY19 ABB Alloc TBL FINAL'!A14,Supplement!L:L) -> 60294.715 | AE14: =+V14+W14+Z14+AC14+AD14 -> 2334336.8 | AF14: =+I14+L14+R14+U14+AE14 -> 9797225.8 | AG14: 0 | AH14: =+AG14+AF14 -> 9797225.8
A15: 268 | B15: School of Law | C15: =SUMIF('Beginning Balances'!A:A,'FY19 ABB Alloc TBL FINAL'!A15,'Beginning Balances'!I:I) -> 15959415 | D15: =SUMIF(Tuition!A:A,'FY19 ABB Alloc TBL FINAL'!A15,Tuition!G:G) -> 11451988 | E15: =Tuition!H11 -> 11234985 | F15: =Tuition!I11 -> -217003.28 | G15: =Tuition!J11 -> 11540698 | H15: =Tuition!K11 -> 305713.47 | I15: =Tuition!L11 -> 11540698 | J15: =SUMIF('Summer Quarter'!$A:$A,'FY19 ABB Alloc TBL FINAL'!$A15,'Summer Quarter'!C:C) -> 0 | K15: =SUMIF('Summer Quarter'!$A:$A,'FY19 ABB Alloc TBL FINAL'!$A15,'Summer Quarter'!D:D) -> 0 | L15: =+J15+K15 -> 0 | M15: =+ICR!C12 -> 283619 | N15: =+ICR!D12 -> 188319 | O15: =+N15-M15 -> -95300 | Q15: =+O15+P15 -> -95300 | R15: =+M15+Q15 -> 188319 | S15: =+MiscFees!E12 -> 72311 | T15: =+U15-S15 -> 10406 | U15: =+MiscFees!G12 -> 82717 | V15: =+C15-D15-J15-M15-S15 -> 4151497.1 | W15: =+Supplement!D13 -> 217 | X15: =+Supplement!F13 -> 0 | Y15: =+Supplement!G13 -> 0 | Z15: =+X15+Y15 -> 0 | AA15: =+Supplement!I13 -> 0 | AB15: =+Supplement!J13 -> 0 | AC15: =AB15+AA15 -> 0 | AD15: =SUMIF(Supplement!A:A,'FY19 ABB Alloc TBL FINAL'!A15,Supplement!L:L) -> 541646.18 | AE15: =+V15+W15+Z15+AC15+AD15 -> 4693360.3 | AF15: =+I15+L15+R15+U15+AE15 -> 16505094 | AG15: 0 | AH15: =+AG15+AF15 -> 16505094
A16: 270 | B16: Evans School of Public Policy & Governance | C16: =SUMIF('Beginning Balances'!A:A,'FY19 ABB Alloc TBL FINAL'!A16,'Beginning Balances'!I:I) -> 6943181 | D16: =SUMIF(Tuition!A:A,'FY19 ABB Alloc TBL FINAL'!A16,Tuition!G:G) -> 5073244.7 | E16: =Tuition!H12 -> 5058739.6 | F16: =Tuition!I12 -> -14505.163 | G16: =Tuition!J12 -> 5297192.3 | H16: =Tuition!K12 -> 238452.7 | I16: =Tuition!L12 -> 5297192.3 | J16: =SUMIF('Summer Quarter'!$A:$A,'FY19 ABB Alloc TBL FINAL'!$A16,'Summer Quarter'!C:C) -> 0 | K16: =SUMIF('Summer Quarter'!$A:$A,'FY19 ABB Alloc TBL FINAL'!$A16,'Summer Quarter'!F:F) -> 0 | L16: =+J16+K16 -> 0 | M16: =+ICR!C13 -> 240363 | N16: =+ICR!D13 -> 264951 | O16: =+N16-M16 -> 24588 | Q16: =+O16+P16 -> 24588 | R16: =+M16+Q16 -> 264951 | S16: =+MiscFees!E13 -> 0 | T16: =+U16-S16 -> 0 | U16: =+MiscFees!G13 -> 0 | V16: =+C16-D16-J16-M16-S16 -> 1629573.3 | W16: =+Supplement!D14 -> 285 | X16: =+Supplement!F14 -> 0 | Y16: =+Supplement!G14 -> 0 | Z16: =+X16+Y16 -> 0 | AA16: =+Supplement!I14 -> 0 | AB16: =+Supplement!J14 -> 0 | AC16: =AB16+AA16 -> 0 | AD16: =SUMIF(Supplement!A:A,'FY19 ABB Alloc TBL FINAL'!A16,Supplement!L:L) -> 67772.445 | AE16: =+V16+W16+Z16+AC16+AD16 -> 1697630.7 | AF16: =+I16+L16+R16+U16+AE16 -> 7259774 | AG16: 0 | AH16: =+AG16+AF16 -> 7259774
A17: 272 | B17: School of Social Work | C17: =SUMIF('Beginning Balances'!A:A,'FY19 ABB Alloc TBL FINAL'!A17,'Beginning Balances'!I:I) -> 9532693 | D17: =SUMIF(Tuition!A:A,'FY19 ABB Alloc TBL FINAL'!A17,Tuition!G:G) -> 4543047.1 | E17: =Tuition!H13 -> 4768809.8 | F17: =Tuition!I13 -> 225762.77 | G17: =Tuition!J13 -> 5128114.7 | H17: =Tuition!K13 -> 359304.92 | I17: =Tuition!L13 -> 5128114.7 | J17: =SUMIF('Summer Quarter'!$A:$A,'FY19 ABB Alloc TBL FINAL'!$A17,'Summer Quarter'!C:C) -> 0 | K17: =SUMIF('Summer Quarter'!$A:$A,'FY19 ABB Alloc TBL FINAL'!$A17,'Summer Quarter'!F:F) -> 0 | L17: =+J17+K17 -> 0 | M17: =+ICR!C14 -> 877352 | N17: =+ICR!D14 -> 740580 | O17: =+N17-M17 -> -136772 | Q17: =+O17+P17 -> -136772 | R17: =+M17+Q17 -> 740580 | S17: =+MiscFees!E14 -> 0 | T17: =+U17-S17 -> 0 | U17: =+MiscFees!G14 -> 0 | V17: =+C17-D17-J17-M17-S17 -> 4112293.9 | W17: =+Supplement!D15 -> 1810 | X17: =+Supplement!F15 -> 0 | Y17: =+Supplement!G15 -> 0 | Z17: =+X17+Y17 -> 0 | AA17: =+Supplement!I15 -> 0 | AB17: =+Supplement!J15 -> 0 | AC17: =AB17+AA17 -> 0 | AD17: =SUMIF(Supplement!A:A,'FY19 ABB Alloc TBL FINAL'!A17,Supplement!L:L) -> 67602.21 | AE17: =+V17+W17+Z17+AC17+AD17 -> 4181706.2 | AF17: =+I17+L17+R17+U17+AE17 -> 10050401 | AG17: 230000 | AH17: =+AG17+AF17 -> 10280401
A18: 302 | B18: School of Dentistry | C18: =SUMIF('Beginning Balances'!A:A,'FY19 ABB Alloc TBL FINAL'!A18,'Beginning Balances'!I:I) -> 18294830 | D18: =SUMIF(Tuition!A:A,'FY19 ABB Alloc TBL FINAL'!A18,Tuition!G:G) -> 7792678.5 | E18: =Tuition!H14 -> 7831738.9 | F18: =Tuition!I14 -> 39060.39 | G18: =Tuition!J14 -> 7733850.5 | H18: =Tuition!K14 -> -97888.39 | I18: =Tuition!L14 -> 7733850.5 | J18: =SUMIF('Summer Quarter'!$A:$A,'FY19 ABB Alloc TBL FINAL'!$A18,'Summer Quarter'!C:C) -> 180000 | K18: =SUMIF('Summer Quarter'!$A:$A,'FY19 ABB Alloc TBL FINAL'!$A18,'Summer Quarter'!F:F) -> 541642 | L18: =+J18+K18 -> 721642 | M18: =+ICR!C15 -> 362901 | N18: =+ICR!D15 -> 270611 | O18: =+N18-M18 -> -92290 | Q18: =+O18+P18 -> -92290 | R18: =+M18+Q18 -> 270611 | S18: =+MiscFees!E15 -> 122585.4 | T18: =+U18-S18 -> 24541.92 | U18: =+MiscFees!G15 -> 147127.32 | V18: =+C18-D18-J18-M18-S18 -> 9836665.1 | W18: =+Supplement!D16 -> 19 | X18: =+Supplement!F16 -> 0 | Y18: =+Supplement!G16 -> 0 | Z18: =+X18+Y18 -> 0 | AA18: =+Supplement!I16 -> 0 | AB18: =+Supplement!J16 -> 0 | AC18: =AB18+AA18 -> 0 | AD18: =SUMIF(Supplement!A:A,'FY19 ABB Alloc TBL FINAL'!A18,Supplement!L:L) -> 86054.423 | AE18: =+V18+W18+Z18+AC18+AD18 -> 9922738.5 | AF18: =+I18+L18+R18+U18+AE18 -> 18795969 | AG18: 0 | AH18: =+AG18+AF18 -> 18795969
A19: 304 | B19: School of Medicine (Includes 303) | C19: =SUMIF('Beginning Balances'!A:A,'FY19 ABB Alloc TBL FINAL'!A19,'Beginning Balances'!I:I) -> 161490771 | D19: =SUMIF(Tuition!A:A,'FY19 ABB Alloc TBL FINAL'!A19,Tuition!G:G) -> 29505346 | E19: =Tuition!H15 -> 29819099 | F19: =Tuition!I15 -> 313752.76 | G19: =Tuition!J15 -> 30892520 | H19: =Tuition!K15 -> 1073421.8 | I19: =Tuition!L15 -> 30892520 | J19: =SUMIF('Summer Quarter'!$A:$A,'FY19 ABB Alloc TBL FINAL'!$A19,'Summer Quarter'!C:C) -> 320000 | K19: =SUMIF('Summer Quarter'!$A:$A,'FY19 ABB Alloc TBL FINAL'!$A19,'Summer Quarter'!F:F) -> 795395 | L19: =+J19+K19 -> 1115395 | M19: =+ICR!C16 -> 48391270 | N19: =+ICR!D16 -> 50923983 | O19: =+N19-M19 -> 2532713 | Q19: =+O19+P19 -> 2532713 | R19: =+M19+Q19 -> 50923983 | S19: =+MiscFees!E16 -> 50731 | T19: =+U19-S19 -> -1492 | U19: =+MiscFees!G16 -> 49239 | V19: =+C19-D19-J19-M19-S19 -> 83223424 | W19: =+Supplement!D17 -> 16986 | X19: =+Supplement!F17 -> 0 | Y19: =+Supplement!G17 -> 0 | Z19: =+X19+Y19 -> 0 | AA19: =+Supplement!I17 -> 1000000 | AB19: =+Supplement!J17 -> 0 | AC19: =AB19+AA19 -> 1000000 | AD19: =SUMIF(Supplement!A:A,'FY19 ABB Alloc TBL FINAL'!A19,Supplement!L:L) -> 1280110.3 | AE19: =+V19+W19+Z19+AC19+AD19 -> 85520520 | AF19: =+I19+L19+R19+U19+AE19 -> 1.6850166e+08 | AG19: 0 | AH19: =+AG19+AF19 -> 1.6850166e+08
A20: 306 | B20: School of Nursing | C20: =SUMIF('Beginning Balances'!A:A,'FY19 ABB Alloc TBL FINAL'!A20,'Beginning Balances'!I:I) -> 13242331 | D20: =SUMIF(Tuition!A:A,'FY19 ABB Alloc TBL FINAL'!A20,Tuition!G:G) -> 4585508.1 | E20: =Tuition!H16 -> 4742265.5 | F20: =Tuition!I16 -> 156757.39 | G20: =Tuition!J16 -> 4831014.6 | H20: =Tuition!K16 -> 88749.079 | I20: =Tuition!L16 -> 4831014.6 | J20: =SUMIF('Summer Quarter'!$A:$A,'FY19 ABB Alloc TBL FINAL'!$A20,'Summer Quarter'!C:C) -> 0 | K20: =SUMIF('Summer Quarter'!$A:$A,'FY19 ABB Alloc TBL FINAL'!$A20,'Summer Quarter'!F:F) -> 0 | L20: =+J20+K20 -> 0 | M20: =+ICR!C17 -> 866831 | N20: =+ICR!D17 -> 947660 | O20: =+N20-M20 -> 80829 | Q20: =+O20+P20 -> 80829 | R20: =+M20+Q20 -> 947660 | S20: =+MiscFees!E17 -> 0 | T20: =+U20-S20 -> 0 | U20: =+MiscFees!G17 -> 0 | V20: =+C20-D20-J20-M20-S20 -> 7789991.9 | W20: =+Supplement!D18 -> 6359 | X20: =+Supplement!F18 -> 0 | Y20: =+Supplement!G18 -> 0 | Z20: =+X20+Y20 -> 0 | AA20: =+Supplement!I18 -> 0 | AB20: =+Supplement!J18 -> 0 | AC20: =AB20+AA20 -> 0 | AD20: =SUMIF(Supplement!A:A,'FY19 ABB Alloc TBL FINAL'!A20,Supplement!L:L) -> 103198.98 | AE20: =+V20+W20+Z20+AC20+AD20 -> 7899549.9 | AF20: =+I20+L20+R20+U20+AE20 -> 13678224 | AG20: 0 | AH20: =+AG20+AF20 -> 13678224
A21: 308 | B21: School of Pharmacy | C21: =SUMIF('Beginning Balances'!A:A,'FY19 ABB Alloc TBL FINAL'!A21,'Beginning Balances'!I:I) -> 12744772 | D21: =SUMIF(Tuition!A:A,'FY19 ABB Alloc TBL FINAL'!A21,Tuition!G:G) -> 6806702.9 | E21: =Tuition!H17 -> 7193717.3 | F21: =Tuition!I17 -> 387014.36 | G21: =Tuition!J17 -> 7362380.8 | H21: =Tuition!K17 -> 168663.49 | I21: =Tuition!L17 -> 7362380.8 | J21: =SUMIF('Summer Quarter'!$A:$A,'FY19 ABB Alloc TBL FINAL'!$A21,'Summer Quarter'!C:C) -> 0 | K21: =SUMIF('Summer Quarter'!$A:$A,'FY19 ABB Alloc TBL FINAL'!$A21,'Summer Quarter'!F:F) -> 0 | L21: =+J21+K21 -> 0 | M21: =+ICR!C18 -> 2084600 | N21: =+ICR!D18 -> 2463207 | O21: =+N21-M21 -> 378607 | Q21: =+O21+P21 -> 378607 | R21: =+M21+Q21 -> 2463207 | S21: =+MiscFees!E18 -> 23435.6 | T21: =+U21-S21 -> -10641.92 | U21: =+MiscFees!G18 -> 12793.68 | V21: =+C21-D21-J21-M21-S21 -> 3830033.5 | W21: =+Supplement!D19 -> 142 | X21: =+Supplement!F19 -> 0 | Y21: =+Supplement!G19 -> 0 | Z21: =+X21+Y21 -> 0 | AA21: =+Supplement!I19 -> 0 | AB21: =+Supplement!J19 -> 0 | AC21: =AB21+AA21 -> 0 | AD21: =SUMIF(Supplement!A:A,'FY19 ABB Alloc TBL FINAL'!A21,Supplement!L:L) -> 91519.597 | AE21: =+V21+W21+Z21+AC21+AD21 -> 3921695.1 | AF21: =+I21+L21+R21+U21+AE21 -> 13760077 | AG21: 0 | AH21: =+AG21+AF21 -> 13760077
A22: 310 | B22: School of Public Health | C22: =SUMIF('Beginning Balances'!A:A,'FY19 ABB Alloc TBL FINAL'!A22,'Beginning Balances'!I:I) -> 22449609 | D22: =SUMIF(Tuition!A:A,'FY19 ABB Alloc TBL FINAL'!A22,Tuition!G:G) -> 11496641 | E22: =Tuition!H18 -> 12602738 | F22: =Tuition!I18 -> 1106097.2 | G22: =Tuition!J18 -> 12808004 | H22: =Tuition!K18 -> 205265.92 | I22: =Tuition!L18 -> 12808004 | J22: =SUMIF('Summer Quarter'!$A:$A,'FY19 ABB Alloc TBL FINAL'!$A22,'Summer Quarter'!C:C) -> 0 | K22: =SUMIF('Summer Quarter'!$A:$A,'FY19 ABB Alloc TBL FINAL'!$A22,'Summer Quarter'!F:F) -> 0 | L22: =+J22+K22 -> 0 | M22: =+ICR!C19 -> 5964238 | N22: =+ICR!D19 -> 6669830 | O22: =+N22-M22 -> 705592 | Q22: =+O22+P22 -> 705592 | R22: =+M22+Q22 -> 6669830 | S22: =+MiscFees!E19 -> 0 | T22: =+U22-S22 -> 0 | U22: =+MiscFees!G19 -> 0 | V22: =+C22-D22-J22-M22-S22 -> 4988730.5 | W22: =+Supplement!D20 -> 16515 | X22: =+Supplement!F20 -> 0 | Y22: =+Supplement!G20 -> 0 | Z22: =+X22+Y22 -> 0 | AA22: =+Supplement!I20 -> 0 | AB22: =+Supplement!J20 -> 0 | AC22: =AB22+AA22 -> 0 | AD22: =SUMIF(Supplement!A:A,'FY19 ABB Alloc TBL FINAL'!A22,Supplement!L:L) -> 202943.86 | AE22: =+V22+W22+Z22+AC22+AD22 -> 5208189.3 | AF22: =+I22+L22+R22+U22+AE22 -> 24686023 | AG22: 0 | AH22: =+AG22+AF22 -> 24686023
B23: Seattle Administrative Units | C23: =+C24+C32+C38 -> 395446416 | D23: =+D24+D32+D38 -> 5000282 | E23: =+E24+E32+E38 -> 5025661.4 | F23: =+F24+F32+F38 -> 25379.332 | G23: =+G24+G32+G38 -> 5114057.8 | H23: =+H24+H32+H38 -> 88396.387 | I23: =+I24+I32+I38 -> 5114057.8 | J23: =+J24+J32+J38 -> 0 | ... AH23: =+AH24+AH32+AH38 -> 3.9883623e+08
B24: Institutional Infrastructure | C24: =SUM(C25:C31) -> 278285767 | D24: =SUM(D25:D31) -> 321179.08 | E24: =SUM(E25:E31) -> 367215.41 | F24: =SUM(F25:F31) -> 46036.331 | G24: =SUM(G25:G31) -> 375785.12 | H24: =SUM(H25:H31) -> 8569.7152 | I24: =SUM(I25:I31) -> 375785.12 | J24: =SUM(J25:J31) -> 0 | ... AH24: =SUM(AH25:AH31) -> 2.7792863e+08
A25: 200 | B25: President | C25: =SUMIF('Beginning Balances'!A:A,'FY19 ABB Alloc TBL FINAL'!A25,'Beginning Balances'!I:I) -> 3310335 | D25: =SUMIF(Tuition!A:A,'FY19 ABB Alloc TBL FINAL'!A25,Tuition!G:G) -> 0 | E25: =Tuition!H21 -> 0 | F25: =Tuition!I21 -> 0 | G25: =Tuition!J21 -> 0 | H25: =Tuition!K21 -> 0 | I25: =Tuition!L21 -> 0 | J25: =SUMIF('Summer Quarter'!$A:$A,'FY19 ABB Alloc TBL FINAL'!$A25,'Summer Quarter'!C:C) -> 0 | K25: =SUMIF('Summer Quarter'!$A:$A,'FY19 ABB Alloc TBL FINAL'!$A25,'Summer Quarter'!F:F) -> 0 | L25: =+J25+K25 -> 0 | M25: =+ICR!C22 -> 0 | N25: =+ICR!D22 -> 0 | O25: =+N25-M25 -> 0 | Q25: =+O25+P25 -> 0 | R25: =+M25+Q25 -> 0 | S25: =+MiscFees!E22 -> 0 | T25: =+U25-S25 -> 0 | U25: =+MiscFees!G22 -> 0 | V25: =+C25-D25-J25-M25-S25 -> 3310335 | W25: =+Supplement!D23 -> 0 | X25: =+Supplement!F23 -> 0 | Y25: =+Supplement!G23 -> 0 | Z25: =+X25+Y25 -> 0 | AA25: =+Supplement!I23 -> 0 | AB25: =+Supplement!J23 -> 0 | AC25: =AB25+AA25 -> 0 | AD25: =SUMIF(Supplement!A:A,'FY19 ABB Alloc TBL FINAL'!A25,Supplement!L:L) -> 0 | AE25: =+V25+W25+Z25+AC25+AD25 -> 3310335 | AF25: =+I25+L25+R25+U25+AE25 -> 3310335 | AG25: 0 | AH25: =+AG25+AF25 -> 3310335
A26: 201 | B26: Attorney General | C26: =SUMIF('Beginning Balances'!A:A,'FY19 ABB Alloc TBL FINAL'!A26,'Beginning Balances'!I:I) -> 4399842 | D26: =SUMIF(Tuition!A:A,'FY19 ABB Alloc TBL FINAL'!A26,Tuition!G:G) -> 0 | E26: =Tuition!H22 -> 0 | F26: =Tuition!I22 -> 0 | G26: =Tuition!J22 -> 0 | H26: =Tuition!K22 -> 0 | I26: =Tuition!L22 -> 0 | J26: =SUMIF('Summer Quarter'!$A:$A,'FY19 ABB Alloc TBL FINAL'!$A26,'Summer Quarter'!C:C) -> 0 | K26: =SUMIF('Summer Quarter'!$A:$A,'FY19 ABB Alloc TBL FINAL'!$A26,'Summer Quarter'!F:F) -> 0 | L26: =+J26+K26 -> 0 | M26: =+ICR!C23 -> 0 | N26: =+ICR!D23 -> 0 | O26: =+N26-M26 -> 0 | Q26: =+O26+P26 -> 0 | R26: =+M26+Q26 -> 0 | S26: =+MiscFees!E23 -> 0 | T26: =+U26-S26 -> 0 | U26: =+MiscFees!G23 -> 0 | V26: =+C26-D26-J26-M26-S26 -> 4399842 | W26: =+Supplement!D24 -> 0 | X26: =+Supplement!F24 -> 0 | Y26: =+Supplement!G24 -> 0 | Z26: =+X26+Y26 -> 0 | AA26: =+Supplement!I24 -> 0 | AB26: =+Supplement!J24 -> 0 | AC26: =AB26+AA26 -> 0 | AD26: =SUMIF(Supplement!A:A,'FY19 ABB Alloc TBL FINAL'!A26,Supplement!L:L) -> 238000 | AE26: =+V26+W26+Z26+AC26+AD26 -> 4637842 | AF26: =+I26+L26+R26+U26+AE26 -> 4637842 | AG26: 0 | AH26: =+AG26+AF26 -> 4637842
A27: 202 | B27: Provost | C27: =SUMIF('Beginning Balances'!A:A,'FY19 ABB Alloc TBL FINAL'!A27,'Beginning Balances'!I:I) -> 39727007 | D27: =SUMIF(Tuition!A:A,'FY19 ABB Alloc TBL FINAL'!A27,Tuition!G:G) -> 321179.08 | E27: =Tuition!H23 -> 367215.41 | F27: =Tuition!I23 -> 46036.331 | G27: =Tuition!J23 -> 375785.12 | H27: =Tuition!K23 -> 8569.7152 | I27: =Tuition!L23 -> 375785.12 | J27: =SUMIF('Summer Quarter'!$A:$A,'FY19 ABB Alloc TBL FINAL'!$A27,'Summer Quarter'!C:C) -> 0 | K27: =SUMIF('Summer Quarter'!$A:$A,'FY19 ABB Alloc TBL FINAL'!$A27,'Summer Quarter'!F:F) -> 0 | L27: =+J27+K27 -> 0 | M27: =+ICR!C24 -> 2084 | N27: =+ICR!D24 -> 2751 | O27: =+N27-M27 -> 667 | Q27: =+O27+P27 -> 667 | R27: =+M27+Q27 -> 2751 | S27: =+MiscFees!E24 -> 2191329 | T27: =+U27-S27 -> 402114.6 | U27: =+MiscFees!G24 -> 2593443.6 | V27: =+C27-D27-J27-M27-S27 -> 37212415 | W27: =+Supplement!D25 -> 764 | X27: =+Supplement!F25 -> 0 | Y27: =+Supplement!G25 -> 0 | Z27: =+X27+Y27 -> 0 | AA27: =+Supplement!I25 -> 11000 | AB27: =+Supplement!J25 -> 0 | AC27: =AB27+AA27 -> 11000 | AD27: =SUMIF(Supplement!A:A,'FY19 ABB Alloc TBL FINAL'!A27,Supplement!L:L) -> 110764 | AE27: =+V27+W27+Z27+AC27+AD27 -> 37334943 | AF27: =+I27+L27+R27+U27+AE27 -> 40306923 | AG27: 0 | AH27: =+AG27+AF27 -> 40306923
A28: 205 | B28: Finance and Administration | C28: =SUMIF('Beginning Balances'!A:A,'FY19 ABB Alloc TBL FINAL'!A28,'Beginning Balances'!I:I) -> 198799778 | D28: =SUMIF(Tuition!A:A,'FY19 ABB Alloc TBL FINAL'!A28,Tuition!G:G) -> 0 | E28: =Tuition!H24 -> 0 | F28: =Tuition!I24 -> 0 | G28: =Tuition!J24 -> 0 | H28: =Tuition!K24 -> 0 | I28: =Tuition!L24 -> 0 | J28: =SUMIF('Summer Quarter'!$A:$A,'FY19 ABB Alloc TBL FINAL'!$A28,'Summer Quarter'!C:C) -> 0 | K28: =SUMIF('Summer Quarter'!$A:$A,'FY19 ABB Alloc TBL FINAL'!$A28,'Summer Quarter'!F:F) -> 0 | L28: =+J28+K28 -> 0 | M28: =+ICR!C25 -> 24651 | N28: =+ICR!D25 -> 22355 | O28: =+N28-M28 -> -2296 | Q28: =+O28+P28 -> -2296 | R28: =+M28+Q28 -> 22355 | S28: =+MiscFees!E25 -> 291865 | T28: =+U28-S28 -> 73027 | U28: =+MiscFees!G25 -> 364892 | V28: =+C28-D28-J28-M28-S28 -> 198483262 | W28: =+Supplement!D26 -> 0 | X28: =+Supplement!F26 -> 0 | Y28: =+Supplement!G26 -> 0 | Z28: =+X28+Y28 -> 0 | AA28: =+Supplement!I26 -> 0 | AB28: =+Supplement!J26 -> 0 | AC28: =AB28+AA28 -> 0 | AD28: =SUMIF(Supplement!A:A,'FY19 ABB Alloc TBL FINAL'!A28,Supplement!L:L) -> -3945785 | AE28: =+V28+W28+Z28+AC28+AD28 -> 194537477 | AF28: =+I28+L28+R28+U28+AE28 -> 194924724 | AG28: 2700000 | AH28: =+AG28+AF28 -> 197624724
A29: 214 | B29: External Affairs | C29: =SUMIF('Beginning Balances'!A:A,'FY19 ABB Alloc TBL FINAL'!A29,'Beginning Balances'!I:I) -> 2699754 | D29: =SUMIF(Tuition!A:A,'FY19 ABB Alloc TBL FINAL'!A29,Tuition!G:G) -> 0 | E29: =Tuition!H25 -> 0 | F29: =Tuition!I25 -> 0 | G29: =Tuition!J25 -> 0 | H29: =Tuition!K25 -> 0 | I29: =Tuition!L25 -> 0 | J29: =SUMIF('Summer Quarter'!$A:$A,'FY19 ABB Alloc TBL FINAL'!$A29,'Summer Quarter'!C:C) -> 0 | K29: =SUMIF('Summer Quarter'!$A:$A,'FY19 ABB Alloc TBL FINAL'!$A29,'Summer Quarter'!F:F) -> 0 | L29: =+J29+K29 -> 0 | M29: =+ICR!C26 -> 0 | N29: =+ICR!D26 -> 0 | O29: =+N29-M29 -> 0 | Q29: =+O29+P29 -> 0 | R29: =+M29+Q29 -> 0 | S29: =+MiscFees!E26 -> 0 | T29: =+U29-S29 -> 0 | U29: =+MiscFees!G26 -> 0 | V29: =+C29-D29-J29-M29-S29 -> 2699754 | W29: =+Supplement!D27 -> 0 | X29: =+Supplement!F27 -> 0 | Y29: =+Supplement!G27 -> 0 | Z29: =+X29+Y29 -> 0 | AA29: =+Supplement!I27 -> 0 | AB29: =+Supplement!J27 -> 0 | AC29: =AB29+AA29 -> 0 | AD29: =SUMIF(Supplement!A:A,'FY19 ABB Alloc TBL FINAL'!A29,Supplement!L:L) -> 0 | AE29: =+V29+W29+Z29+AC29+AD29 -> 2699754 | AF29: =+I29+L29+R29+U29+AE29 -> 2699754 | AG29: 0 | AH29: =+AG29+AF29 -> 2699754
A30: 215 | B30: Advancement | C30: =SUMIF('Beginning Balances'!A:A,'FY19 ABB Alloc TBL FINAL'!A30,'Beginning Balances'!I:I) -> 16310354 | D30: =SUMIF(Tuition!A:A,'FY19 ABB Alloc TBL FINAL'!A30,Tuition!G:G) -> 0 | E30: =Tuition!H26 -> 0 | F30: =Tuition!I26 -> 0 | G30: =Tuition!J26 -> 0 | H30: =Tuition!K26 -> 0 | I30: =Tuition!L26 -> 0 | J30: =SUMIF('Summer Quarter'!$A:$A,'FY19 ABB Alloc TBL FINAL'!$A30,'Summer Quarter'!C:C) -> 0 | K30: =SUMIF('Summer Quarter'!$A:$A,'FY19 ABB Alloc TBL FINAL'!$A30,'Summer Quarter'!F:F) -> 0 | L30: =+J30+K30 -> 0 | M30: =+ICR!C27 -> 0 | N30: =+ICR!D27 -> 0 | O30: =+N30-M30 -> 0 | Q30: =+O30+P30 -> 0 | R30: =+M30+Q30 -> 0 | S30: =+MiscFees!E27 -> 0 | T30: =+U30-S30 -> 0 | U30: =+MiscFees!G27 -> 0 | V30: =+C30-D30-J30-M30-S30 -> 16310354 | W30: =+Supplement!D28 -> 0 | X30: =+Supplement!F28 -> 0 | Y30: =+Supplement!G28 -> 0 | Z30: =+X30+Y30 -> 0 | AA30: =+Supplement!I28 -> 0 | AB30: =+Supplement!J28 -> 0 | AC30: =AB30+AA30 -> 0 | AD30: =SUMIF(Supplement!A:A,'FY19 ABB Alloc TBL FINAL'!A30,Supplement!L:L) -> 0 | AE30: =+V30+W30+Z30+AC30+AD30 -> 16310354 | AF30: =+I30+L30+R30+U30+AE30 -> 16310354 | AG30: 0 | AH30: =+AG30+AF30 -> 16310354
A31: 312 | B31: Medical Centers - State Appropriation | C31: =SUMIF('Beginning Balances'!A:A,'FY19 ABB Alloc TBL FINAL'!A31,'Beginning Balances'!I:I) -> 13038697 | D31: =SUMIF(Tuition!A:A,'FY19 ABB Alloc TBL FINAL'!A31,Tuition!G:G) -> 0 | E31: =Tuition!H27 -> 0 | F31: =Tuition!I27 -> 0 | G31: =Tuition!J27 -> 0 | H31: =Tuition!K27 -> 0 | I31: =Tuition!L27 -> 0 | J31: =SUMIF('Summer Quarter'!$A:$A,'FY19 ABB Alloc TBL FINAL'!$A31,'Summer Quarter'!C:C) -> 0 | K31: =SUMIF('Summer Quarter'!$A:$A,'FY19 ABB Alloc TBL FINAL'!$A31,'Summer Quarter'!F:F) -> 0 | L31: =+J31+K31 -> 0 | M31: =+ICR!C28 -> 0 | N31: =+ICR!D28 -> 0 | O31: =+N31-M31 -> 0 | Q31: =+O31+P31 -> 0 | R31: =+M31+Q31 -> 0 | S31: =+MiscFees!E28 -> 0 | T31: =+U31-S31 -> 0 | U31: =+MiscFees!G28 -> 0 | V31: =+C31-D31-J31-M31-S31 -> 13038697 | W31: =+Supplement!D29 -> 0 | X31: =+Supplement!F29 -> 0 | Y31: =+Supplement!G29 -> 0 | Z31: =+X31+Y31 -> 0 | AA31: =+Supplement!I29 -> 0 | AB31: =+Supplement!J29 -> 0 | AC31: =AB31+AA31 -> 0 | AD31: =SUMIF(Supplement!A:A,'FY19 ABB Alloc TBL FINAL'!A31,Supplement!L:L) -> 0 | AE31: =+V31+W31+Z31+AC31+AD31 -> 13038697 | AF31: =+I31+L31+R31+U31+AE31 -> 13038697 | AG31: 0 | AH31: =+AG31+AF31 -> 13038697
B32: Instructional & Student Support | C32: =SUM(C33:C37) -> 44119248 | D32: =SUM(D33:D37) -> 4679103 | E32: =SUM(E33:E37) -> 4658446 | F32: =SUM(F33:F37) -> -20656.999 | G32: =SUM(G33:G37) -> 4738272.6 | H32: =SUM(H33:H37) -> 79826.672 | I32: =SUM(I33:I37) -> 4738272.6 | J32: =SUM(J33:J37) -> 0 | ... AH32: =SUM(AH33:AH37) -> 44795998
A33: 206 | B33: Office of Minority Affairs & Diversity | C33: =SUMIF('Beginning Balances'!A:A,'FY19 ABB Alloc TBL FINAL'!A33,'Beginning Balances'!I:I) -> 8357627 | D33: =SUMIF(Tuition!A:A,'FY19 ABB Alloc TBL FINAL'!A33,Tuition!G:G) -> 0 | E33: =Tuition!H29 -> 0 | F33: =Tuition!I29 -> 0 | G33: =Tuition!J29 -> 0 | H33: =Tuition!K29 -> 0 | I33: =Tuition!L29 -> 0 | J33: =SUMIF('Summer Quarter'!$A:$A,'FY19 ABB Alloc TBL FINAL'!$A33,'Summer Quarter'!C:C) -> 0 | K33: =SUMIF('Summer Quarter'!$A:$A,'FY19 ABB Alloc TBL FINAL'!$A33,'Summer Quarter'!F:F) -> 0 | L33: =+J33+K33 -> 0 | M33: =+ICR!C30 -> 145895 | N33: =+ICR!D30 -> 140368 | O33: =+N33-M33 -> -5527 | Q33: =+O33+P33 -> -5527 | R33: =+M33+Q33 -> 140368 | S33: =+MiscFees!E30 -> 0 | T33: =+U33-S33 -> 0 | U33: =+MiscFees!G30 -> 0 | V33: =+C33-D33-J33-M33-S33 -> 8211732 | W33: =+Supplement!D31 -> 0 | X33: =+Supplement!F31 -> 0 | Y33: =+Supplement!G31 -> 0 | Z33: =+X33+Y33 -> 0 | AA33: =+Supplement!I31 -> 0 | AB33: =+Supplement!J31 -> 0 | AC33: =AB33+AA33 -> 0 | AD33: =SUMIF(Supplement!A:A,'FY19 ABB Alloc TBL FINAL'!A33,Supplement!L:L) -> 100000 | AE33: =+V33+W33+Z33+AC33+AD33 -> 8311732 | AF33: =+I33+L33+R33+U33+AE33 -> 8452100 | AG33: 135000 | AH33: =+AG33+AF33 -> 8587100
A34: 212 | B34: Student Life | C34: =SUMIF('Beginning Balances'!A:A,'FY19 ABB Alloc TBL FINAL'!A34,'Beginning Balances'!I:I) -> 15533489 | D34: =SUMIF(Tuition!A:A,'FY19 ABB Alloc TBL FINAL'!A34,Tuition!G:G) -> 0 | E34: =Tuition!H30 -> 0 | F34: =Tuition!I30 -> 0 | G34: =Tuition!J30 -> 0 | H34: =Tuition!K30 -> 0 | I34: =Tuition!L30 -> 0 | J34: =SUMIF('Summer Quarter'!$A:$A,'FY19 ABB Alloc TBL FINAL'!$A34,'Summer Quarter'!C:C) -> 0 | K34: =SUMIF('Summer Quarter'!$A:$A,'FY19 ABB Alloc TBL FINAL'!$A34,'Summer Quarter'!F:F) -> 0 | L34: =+J34+K34 -> 0 | M34: =+ICR!C31 -> 2290 | N34: =+ICR!D31 -> 3486 | O34: =+N34-M34 -> 1196 | Q34: =+O34+P34 -> 1196 | R34: =+M34+Q34 -> 3486 | S34: =+MiscFees!E31 -> 632736 | T34: =+U34-S34 -> 118319.4 | U34: =+MiscFees!G31 -> 751055.4 | V34: =+C34-D34-J34-M34-S34 -> 14898463 | W34: =+Supplement!D32 -> 0 | X34: =+Supplement!F32 -> 0 | Y34: =+Supplement!G32 -> 0 | Z34: =+X34+Y34 -> 0 | AA34: =+Supplement!I32 -> 0 | AB34: =+Supplement!J32 -> 0 | AC34: =AB34+AA34 -> 0 | AD34: =SUMIF(Supplement!A:A,'FY19 ABB Alloc TBL FINAL'!A34,Supplement!L:L) -> 747499 | AE34: =+V34+W34+Z34+AC34+AD34 -> 15645962 | AF34: =+I34+L34+R34+U34+AE34 -> 16400503 | AG34: 0 | AH34: =+AG34+AF34 -> 16400503
A35: 255 | B35: Continuum College | C35: =SUMIF('Beginning Balances'!A:A,'FY19 ABB Alloc TBL FINAL'!A35,'Beginning Balances'!I:I) -> 1817135 | D35: =SUMIF(Tuition!A:A,'FY19 ABB Alloc TBL FINAL'!A35,Tuition!G:G) -> 0 | E35: =Tuition!H31 -> 0 | F35: =Tuition!I31 -> 0 | G35: =Tuition!J31 -> 0 | H35: =Tuition!K31 -> 0 | I35: =Tuition!L31 -> 0 | J35: =SUMIF('Summer Quarter'!$A:$A,'FY19 ABB Alloc TBL FINAL'!$A35,'Summer Quarter'!C:C) -> 0 | K35: =SUMIF('Summer Quarter'!$A:$A,'FY19 ABB Alloc TBL FINAL'!$A35,'Summer Quarter'!F:F) -> 0 | L35: =+J35+K35 -> 0 | M35: =+ICR!C32 -> 5017 | N35: =+ICR!D32 -> 2920 | O35: =+N35-M35 -> -2097 | Q35: =+O35+P35 -> -2097 | R35: =+M35+Q35 -> 2920 | S35: =+MiscFees!E32 -> 0 | T35: =+U35-S35 -> 0 | U35: =+MiscFees!G32 -> 0 | V35: =+C35-D35-J35-M35-S35 -> 1812118 | W35: =+Supplement!D33 -> 0 | X35: =+Supplement!F33 -> 0 | Y35: =+Supplement!G33 -> 0 | Z35: =+X35+Y35 -> 0 | AA35: =+Supplement!I33 -> 0 | AB35: =+Supplement!J33 -> 0 | AC35: =AB35+AA35 -> 0 | AD35: =SUMIF(Supplement!A:A,'FY19 ABB Alloc TBL FINAL'!A35,Supplement!L:L) -> -600000 | AE35: =+V35+W35+Z35+AC35+AD35 -> 1212118 | AF35: =+I35+L35+R35+U35+AE35 -> 1215038 | AG35: 0 | AH35: =+AG35+AF35 -> 1215038
A36: 266 | B36: Graduate School | C36: =SUMIF('Beginning Balances'!A:A,'FY19 ABB Alloc TBL FINAL'!A36,'Beginning Balances'!I:I) -> 10352350 | D36: =SUMIF(Tuition!A:A,'FY19 ABB Alloc TBL FINAL'!A36,Tuition!G:G) -> 1635486.8 | E36: =Tuition!H32 -> 1706111.5 | F36: =Tuition!I32 -> 70624.745 | G36: =Tuition!J32 -> 1716976 | H36: =Tuition!K32 -> 10864.509 | I36: =Tuition!L32 -> 1716976 | J36: =SUMIF('Summer Quarter'!$A:$A,'FY19 ABB Alloc TBL FINAL'!$A36,'Summer Quarter'!C:C) -> 0 | K36: =SUMIF('Summer Quarter'!$A:$A,'FY19 ABB Alloc TBL FINAL'!$A36,'Summer Quarter'!F:F) -> 0 | L36: =+J36+K36 -> 0 | M36: =+ICR!C33 -> 47951 | N36: =+ICR!D33 -> 36368 | O36: =+N36-M36 -> -11583 | Q36: =+O36+P36 -> -11583 | R36: =+M36+Q36 -> 36368 | S36: =+MiscFees!E33 -> 2164102 | T36: =+U36-S36 -> 19148 | U36: =+MiscFees!G33 -> 2183250 | V36: =+C36-D36-J36-M36-S36 -> 6504810.2 | W36: =+Supplement!D34 -> 116 | X36: =+Supplement!F34 -> 0 | Y36: =+Supplement!G34 -> 0 | Z36: =+X36+Y36 -> 0 | AA36: =+Supplement!I34 -> 0 | AB36: =+Supplement!J34 -> 0 | AC36: =AB36+AA36 -> 0 | AD36: =SUMIF(Supplement!A:A,'FY19 ABB Alloc TBL FINAL'!A36,Supplement!L:L) -> 0 | AE36: =+V36+W36+Z36+AC36+AD36 -> 6504926.2 | AF36: =+I36+L36+R36+U36+AE36 -> 10441520 | AG36: 0 | AH36: =+AG36+AF36 -> 10441520
A37: 282 | B37: Undergraduate Academic Affairs | C37: =SUMIF('Beginning Balances'!A:A,'FY19 ABB Alloc TBL FINAL'!A37,'Beginning Balances'!I:I) -> 8058647 | D37: =SUMIF(Tuition!A:A,'FY19 ABB Alloc TBL FINAL'!A37,Tuition!G:G) -> 3043616.2 | E37: =Tuition!H33 -> 2952334.5 | F37: =Tuition!I33 -> -91281.744 | G37: =Tuition!J33 -> 3021296.6 | H37: =Tuition!K33 -> 68962.163 | I37: =Tuition!L33 -> 3021296.6 | J37: =SUMIF('Summer Quarter'!$A:$A,'FY19 ABB Alloc TBL FINAL'!$A37,'Summer Quarter'!C:C) -> 0 | K37: =SUMIF('Summer Quarter'!$A:$A,'FY19 ABB Alloc TBL FINAL'!$A37,'Summer Quarter'!F:F) -> 0 | L37: =+J37+K37 -> 0 | M37: =+ICR!C34 -> 19022 | N37: =+ICR!D34 -> 28258 | O37: =+N37-M37 -> 9236 | Q37: =+O37+P37 -> 9236 | R37: =+M37+Q37 -> 28258 | S37: =+MiscFees!E34 -> 0 | T37: =+U37-S37 -> 0 | U37: =+MiscFees!G34 -> 0 | V37: =+C37-D37-J37-M37-S37 -> 4996008.8 | W37: =+Supplement!D35 -> 6273 | X37: =+Supplement!F35 -> 0 | Y37: =+Supplement!G35 -> 0 | Z37: =+X37+Y37 -> 0 | AA37: =+Supplement!I35 -> 0 | AB37: =+Supplement!J35 -> 0 | AC37: =AB37+AA37 -> 0 | AD37: =SUMIF(Supplement!A:A,'FY19 ABB Alloc TBL FINAL'!A37,Supplement!L:L) -> 100000 | AE37: =+V37+W37+Z37+AC37+AD37 -> 5102281.8 | AF37: =+I37+L37+R37+U37+AE37 -> 8151836.4 | AG37: 0 | AH37: =+AG37+AF37 -> 8151836.4
B38: Research & Innovation | C38: =SUM(C39:C42) -> 73041401 | D38: =SUM(D39:D42) -> 0 | E38: =SUM(E39:E42) -> 0 | F38: =SUM(F39:F42) -> 0 | G38: =SUM(G39:G42) -> 0 | H38: =SUM(H39:H42) -> 0 | I38: =SUM(I39:I42) -> 0 | J38: =SUM(J39:J42) -> 0 | ... AH38: =SUM(AH39:AH42) -> 76111603
A39: 207 | B39: Libraries | C39: =SUMIF('Beginning Balances'!A:A,'FY19 ABB Alloc TBL FINAL'!A39,'Beginning Balances'!I:I) -> 40213755 | D39: =SUMIF(Tuition!A:A,'FY19 ABB Alloc TBL FINAL'!A39,Tuition!G:G) -> 0 | E39: =Tuition!H35 -> 0 | F39: =Tuition!I35 -> 0 | G39: =Tuition!J35 -> 0 | H39: =Tuition!K35 -> 0 | I39: =Tuition!L35 -> 0 | J39: =SUMIF('Summer Quarter'!$A:$A,'FY19 ABB Alloc TBL FINAL'!$A39,'Summer Quarter'!C:C) -> 0 | K39: =SUMIF('Summer Quarter'!$A:$A,'FY19 ABB Alloc TBL FINAL'!$A39,'Summer Quarter'!F:F) -> 0 | L39: =+J39+K39 -> 0 | M39: =+ICR!C36 -> 139896 | N39: =+ICR!D36 -> 143037 | O39: =+N39-M39 -> 3141 | Q39: =+O39+P39 -> 3141 | R39: =+M39+Q39 -> 143037 | S39: =+MiscFees!E36 -> 48751 | T39: =+U39-S39 -> -6275 | U39: =+MiscFees!G36 -> 42476 | V39: =+C39-D39-J39-M39-S39 -> 40025108 | W39: =+Supplement!D37 -> 0 | X39: =+Supplement!F37 -> 0 | Y39: =+Supplement!G37 -> 0 | Z39: =+X39+Y39 -> 0 | AA39: =+Supplement!I37 -> 0 | AB39: =+Supplement!J37 -> 0 | AC39: =AB39+AA39 -> 0 | AD39: =SUMIF(Supplement!A:A,'FY19 ABB Alloc TBL FINAL'!A39,Supplement!L:L) -> 632000 | AE39: =+V39+W39+Z39+AC39+AD39 -> 40657108 | AF39: =+I39+L39+R39+U39+AE39 -> 40842621 | AG39: 0 | AH39: =+AG39+AF39 -> 40842621
A40: 216 | B40: Research | C40: =SUMIF('Beginning Balances'!A:A,'FY19 ABB Alloc TBL FINAL'!A40,'Beginning Balances'!I:I) -> 15902155 | D40: =SUMIF(Tuition!A:A,'FY19 ABB Alloc TBL FINAL'!A40,Tuition!G:G) -> 0 | E40: =Tuition!H36 -> 0 | F40: =Tuition!I36 -> 0 | G40: =Tuition!J36 -> 0 | H40: =Tuition!K36 -> 0 | I40: =Tuition!L36 -> 0 | J40: =SUMIF('Summer Quarter'!$A:$A,'FY19 ABB Alloc TBL FINAL'!$A40,'Summer Quarter'!C:C) -> 0 | K40: =SUMIF('Summer Quarter'!$A:$A,'FY19 ABB Alloc TBL FINAL'!$A40,'Summer Quarter'!F:F) -> 0 | L40: =+J40+K40 -> 0 | M40: =+ICR!C37 -> 2242021 | N40: =+ICR!D37 -> 2590390 | O40: =+N40-M40 -> 348369 | Q40: =+O40+P40 -> 348369 | R40: =+M40+Q40 -> 2590390 | S40: =+MiscFees!E37 -> 0 | T40: =+U40-S40 -> 0 | U40: =+MiscFees!G37 -> 0 | V40: =+C40-D40-J40-M40-S40 -> 13660134 | W40: =+Supplement!D38 -> 0 | X40: =+Supplement!F38 -> 0 | Y40: =+Supplement!G38 -> 0 | Z40: =+X40+Y40 -> 0 | AA40: =+Supplement!I38 -> 0 | AB40: =+Supplement!J38 -> 0 | AC40: =AB40+AA40 -> 0 | AD40: =SUMIF(Supplement!A:A,'FY19 ABB Alloc TBL FINAL'!A40,Supplement!L:L) -> 851000 | AE40: =+V40+W40+Z40+AC40+AD40 -> 14511134 | AF40: =+I40+L40+R40+U40+AE40 -> 17101524 | AG40: 0 | AH40: =+AG40+AF40 -> 17101524
A41: 217 | B41: CoMotion | C41: =SUMIF('Beginning Balances'!A:A,'FY19 ABB Alloc TBL FINAL'!A41,'Beginning Balances'!I:I) -> 696065 | D41: =SUMIF(Tuition!A:A,'FY19 ABB Alloc TBL FINAL'!A41,Tuition!G:G) -> 0 | E41: =Tuition!H37 -> 0 | F41: =Tuition!I37 -> 0 | G41: =Tuition!J37 -> 0 | H41: =Tuition!K37 -> 0 | I41: =Tuition!L37 -> 0 | J41: =SUMIF('Summer Quarter'!$A:$A,'FY19 ABB Alloc TBL FINAL'!$A41,'Summer Quarter'!C:C) -> 0 | K41: =SUMIF('Summer Quarter'!$A:$A,'FY19 ABB Alloc TBL FINAL'!$A41,'Summer Quarter'!F:F) -> 0 | L41: =+J41+K41 -> 0 | M41: =+ICR!C38 -> 345 | N41: =+ICR!D38 -> 1755 | O41: =+N41-M41 -> 1410 | Q41: =+O41+P41 -> 1410 | R41: =+M41+Q41 -> 1755 | S41: =+MiscFees!E38 -> 0 | T41: =+U41-S41 -> 0 | U41: =+MiscFees!G38 -> 0 | V41: =+C41-D41-J41-M41-S41 -> 695720 | W41: =+Supplement!D39 -> 0 | X41: =+Supplement!F39 -> 0 | Y41: =+Supplement!G39 -> 0 | Z41: =+X41+Y41 -> 0 | AA41: =+Supplement!I39 -> 0 | AB41: =+Supplement!J39 -> 0 | AC41: =AB41+AA41 -> 0 | AD41: =SUMIF(Supplement!A:A,'FY19 ABB Alloc TBL FINAL'!A41,Supplement!L:L) -> 1000000 | AE41: =+V41+W41+Z41+AC41+AD41 -> 1695720 | AF41: =+I41+L41+R41+U41+AE41 -> 1697475 | AG41: 0 | AH41: =+AG41+AF41 -> 1697475
A42: 301 | B42: Health Sciences Administration | C42: =SUMIF('Beginning Balances'!A:A,'FY19 ABB Alloc TBL FINAL'!A42,'Beginning Balances'!I:I) -> 16229426 | D42: =SUMIF(Tuition!A:A,'FY19 ABB Alloc TBL FINAL'!A42,Tuition!G:G) -> 0 | E42: =Tuition!H38 -> 0 | F42: =Tuition!I38 -> 0 | G42: =Tuition!J38 -> 0 | H42: =Tuition!K38 -> 0 | I42: =Tuition!L38 -> 0 | J42: =SUMIF('Summer Quarter'!$A:$A,'FY19 ABB Alloc TBL FINAL'!$A42,'Summer Quarter'!C:C) -> 0 | K42: =SUMIF('Summer Quarter'!$A:$A,'FY19 ABB Alloc TBL FINAL'!$A42,'Summer Quarter'!F:F) -> 0 | L42: =+J42+K42 -> 0 | M42: =+ICR!C39 -> 1914141 | N42: =+ICR!D39 -> 2154698 | O42: =+N42-M42 -> 240557 | Q42: =+O42+P42 -> 240557 | R42: =+M42+Q42 -> 2154698 | S42: =+MiscFees!E39 -> 0 | T42: =+U42-S42 -> 0 | U42: =+MiscFees!G39 -> 0 | V42: =+C42-D42-J42-M42-S42 -> 14315285 | W42: =+Supplement!D40 -> 0 | X42: =+Supplement!F40 -> 0 | Y42: =+Supplement!G40 -> 0 | Z42: =+X42+Y42 -> 0 | AA42: =+Supplement!I40 -> 0 | AB42: =+Supplement!J40 -> 0 | AC42: =AB42+AA42 -> 0 | AD42: =SUMIF(Supplement!A:A,'FY19 ABB Alloc TBL FINAL'!A42,Supplement!L:L) -> 0 | AE42: =+V42+W42+Z42+AC42+AD42 -> 14315285 | AF42: =+I42+L42+R42+U42+AE42 -> 16469983 | AG42: 0 | AH42: =+AG42+AF42 -> 16469983
B43: Central Resources | C43: =SUM(C44:C45) -> 140170190 | D43: =SUM(D44:D45) -> 3058643.3 | E43: =SUM(E44:E45) -> 8394313.3 | F43: =SUM(F44:F45) -> 5335670 | G43: =SUM(G44:G45) -> 12108487 | H43: =SUM(H44:H45) -> 3714174.1 | I43: =SUM(I44:I45) -> 12108487 | J43: =SUM(J44:J45) -> -500000 | ... AF43: =SUM(AF44:AF45) -> 1.4588927e+08 | AG43: =SUM(AG44:AG44) -> 6000000 | AH43: =SUM(AH44:AH44) -> 68682614
A44: 400 | B44: Central | C44: =SUMIF('Beginning Balances'!A:A,'FY19 ABB Alloc TBL FINAL'!A44,'Beginning Balances'!I:I) -> 52021339 | D44: =SUMIF(Tuition!A:A,'FY19 ABB Alloc TBL FINAL'!A44,Tuition!G:G) -> 3058643.3 | E44: =Tuition!H40 -> 8394313.3 | F44: =Tuition!I40 -> 5335670 | G44: =Tuition!J40 -> 12108487 | H44: =Tuition!K40 -> 3714174.1 | I44: =Tuition!L40 -> 12108487 | J44: =SUMIF('Summer Quarter'!$A:$A,'FY19 ABB Alloc TBL FINAL'!$A44,'Summer Quarter'!C:C) -> -500000 | K44: =SUMIF('Summer Quarter'!$A:$A,'FY19 ABB Alloc TBL FINAL'!$A44,'Summer Quarter'!F:F) -> -1337037 | L44: =+J44+K44 -> -1837037 | M44: =+ICR!C41 -> -1008256 | N44: =+ICR!D41 -> -1008256 | O44: =+N44-M44 -> 0 | P44: 0 | Q44: =+O44+P44 -> 0 | R44: =+M44+Q44 -> -1008256 | S44: =+MiscFees!E41 -> 0 | T44: =+U44-S44 -> 0 | U44: =+MiscFees!G41 -> 0 | V44: =+C44-D44-J44-M44-S44 -> 50470952 | W44: =+Supplement!D42 -> 251264 | X44: =+Supplement!F42 -> 190948.87 | Y44: =+Supplement!G42 -> 5893800.4 | Z44: =+X44+Y44 -> 6084749.3 | AA44: =+Supplement!I42 -> 0 | AB44: =+Supplement!J42 -> 1555000 | AC44: =AB44+AA44 -> 1555000 | AD44: =SUMIF(Supplement!A:A,'FY19 ABB Alloc TBL FINAL'!A44,Supplement!L:L) -> -4942545 | AE44: =+V44+W44+Z44+AC44+AD44 -> 53419420 | AF44: =+I44+L44+R44+U44+AE44 -> 62682614 | AG44: 6000000 | AH44: =+AG44+AF44 -> 68682614
A45: DS | B45: Debt Service & Transfers | C45: =SUMIF('Beginning Balances'!A:A,'FY19 ABB Alloc TBL FINAL'!A45,'Beginning Balances'!I:I) -> 88148851 | D45: =SUMIF(Tuition!A:A,'FY19 ABB Alloc TBL FINAL'!A45,Tuition!G:G) -> 0 | E45: =Tuition!H41 -> 0 | F45: =Tuition!I41 -> 0 | G45: =Tuition!J41 -> 0 | H45: =Tuition!K41 -> 0 | I45: =Tuition!L41 -> 0 | J45: =SUMIF('Summer Quarter'!$A:$A,'FY19 ABB Alloc TBL FINAL'!$A45,'Summer Quarter'!C:C) -> 0 | K45: =SUMIF('Summer Quarter'!$A:$A,'FY19 ABB Alloc TBL FINAL'!$A45,'Summer Quarter'!F:F) -> 0 | L45: =+J45+K45 -> 0 | M45: 0 | Q45: 0 | R45: 0 | S45: =+MiscFees!E42 -> 0 | T45: 0 | U45: 0 | V45: =+C45-D45-J45-M45-S45 -> 88148851 | W45: 0 | X45: =+Supplement!F43 -> 0 | Z45: 0 | AC45: 0 | AD45: =+Supplement!L43 -> -4942191.4 | AE45: 83206660 | AF45: =+I45+L45+R45+U45+AE45 -> 83206660 | AG45: 0 | AH45: =+AG45+AF45 -> 83206660
B46: Seattle Total | C46: =+C43+C23+C7 -> 1202014926 | D46: =+D43+D23+D7 -> 3.6948363e+08 | E46: =+E43+E23+E7 -> 3.8726919e+08 | F46: =+F43+F23+F7 -> 17785567 | G46: =+G43+G23+G7 -> 3.9964978e+08 | H46: =+H43+H23+H7 -> 12380580 | I46: =+I43+I23+I7 -> 3.9964978e+08 | J46: =+J43+J23+J7 -> 0 | ... AF46: =+AF43+AF23+AF7 -> 1.2445423e+09 | AG46: =+AG44+AG23+AG7+AG45 -> 9276000 | AH46: =+AH44+AH23+AH7+AH45 -> 1.2538183e+09
A47: 500 | B47: UW Bothell | C47: =SUMIF('Beginning Balances'!A:A,'FY19 ABB Alloc TBL FINAL'!A47,'Beginning Balances'!I:I) -> 77814465 | D47: =SUMIF(Tuition!A:A,'FY19 ABB Alloc TBL FINAL'!A47,Tuition!G:G) -> 56666397 | E47: =Tuition!H43 -> 56934485 | F47: =Tuition!I43 -> 268088.01 | G47: =Tuition!J43 -> 58140495 | H47: =Tuition!K43 -> 1206009.5 | I47: =Tuition!L43 -> 58140495 | J47: =SUMIF('Summer Quarter'!$A:$A,'FY19 ABB Alloc TBL FINAL'!$A47,'Summer Quarter'!C:C) -> 0 | K47: =SUMIF('Summer Quarter'!$A:$A,'FY19 ABB Alloc TBL FINAL'!$A47,'Summer Quarter'!F:F) -> 0 | L47: =+J47+K47 -> 0 | M47: =+ICR!C44 -> 0 | N47: =+ICR!D44 -> 0 | O47: =+N47-M47 -> 0 | P47: 0 | Q47: 0 | R47: =+M47+Q47 -> 0 | S47: =+MiscFees!E44 -> 0 | T47: =+U47-S47 -> 0 | U47: =+MiscFees!G44 -> 0 | V47: =+C47-D47-J47-M47-S47 -> 21148068 | W47: =+Supplement!D45 -> 193113 | X47: =+Supplement!F45 -> 18832.559 | Y47: =+Supplement!G45 -> 551594.72 | Z47: =+X47+Y47 -> 570427.28 | AA47: =+Supplement!I45 -> 0 | AB47: =+Supplement!J45 -> 0 | AC47: =AB47+AA47 -> 0 | AD47: =SUMIF(Supplement!A:A,'FY19 ABB Alloc TBL FINAL'!A47,Supplement!L:L) -> 0 | AE47: =+V47+W47+Z47+AC47+AD47 -> 21911608 | AF47: =+I47+L47+R47+U47+AE47 -> 80052103 | AG47: 24000 | AH47: =+AG47+AF47 -> 80076103
A48: 600 | B48: UW Tacoma | C48: =SUMIF('Beginning Balances'!A:A,'FY19 ABB Alloc TBL FINAL'!A48,'Beginning Balances'!I:I) -> 68474715 | D48: =SUMIF(Tuition!A:A,'FY19 ABB Alloc TBL FINAL'!A48,Tuition!G:G) -> 44593083 | E48: =Tuition!H44 -> 45177577 | F48: =Tuition!I44 -> 584493.92 | G48: =Tuition!J44 -> 46489716 | H48: =Tuition!K44 -> 1312138.8 | I48: =Tuition!L44 -> 46489716 | J48: =SUMIF('Summer Quarter'!$A:$A,'FY19 ABB Alloc TBL FINAL'!$A48,'Summer Quarter'!C:C) -> 0 | K48: =SUMIF('Summer Quarter'!$A:$A,'FY19 ABB Alloc TBL FINAL'!$A48,'Summer Quarter'!F:F) -> 0 | L48: =+J48+K48 -> 0 | M48: =+ICR!C45 -> 0 | N48: =+ICR!D45 -> 0 | O48: =+N48-M48 -> 0 | P48: 0 | Q48: 0 | R48: =+M48+Q48 -> 0 | S48: =+MiscFees!E45 -> 0 | T48: =+U48-S48 -> 0 | U48: =+MiscFees!G45 -> 0 | V48: =+C48-D48-J48-M48-S48 -> 23881632 | W48: =+Supplement!D46 -> 165345 | X48: =+Supplement!F46 -> 17218.571 | Y48: =+Supplement!G46 -> 501604.85 | Z48: =+X48+Y48 -> 518823.42 | AA48: =+Supplement!I46 -> 200000 | AB48: =+Supplement!J46 -> 23000 | AC48: =AB48+AA48 -> 223000 | AD48: =SUMIF(Supplement!A:A,'FY19 ABB Alloc TBL FINAL'!A48,Supplement!L:L) -> 0 | AE48: =+V48+W48+Z48+AC48+AD48 -> 24788800 | AF48: =+I48+L48+R48+U48+AE48 -> 71278516 | AG48: 28000 | AH48: =+AG48+AF48 -> 71306516
B49: Bothell and Tacoma Total | C49: =SUM(C47:C48) -> 146289180 | D49: =SUM(D47:D48) -> 1.0125948e+08 | E49: =SUM(E47:E48) -> 102112062 | F49: =SUM(F47:F48) -> 852581.92 | G49: =SUM(G47:G48) -> 1.0463021e+08 | H49: =SUM(H47:H48) -> 2518148.4 | I49: =SUM(I47:I48) -> 1.0463021e+08 | J49: =SUM(J47:J48) -> 0 | ... AH49: =SUM(AH47:AH48) -> 1.5138262e+08
B50: Permanent GOF/DOF Total | C50: =+C46+C49 -> 1348304106 | D50: =+D46+D49 -> 4.7074311e+08 | E50: =+E46+E49 -> 4.8938126e+08 | F50: =+F46+F49 -> 18638149 | G50: =+G46+G49 -> 5.0427999e+08 | H50: =+H46+H49 -> 14898729 | I50: =+I46+I49 -> 5.0427999e+08 | J50: =+J46+J49 -> 0 | ... AH50: =+AH46+AH49 -> 1.405201e+09
B51: Temporary Provisos | V51: =+Supplement!C49 -> 1710000 | AC51: =+Supplement!K49 -> 7618000 | AE51: =+V51+W51+Z51+AC51+AD51 -> 9328000 | AF51: =+I51+R51+U51+AE51 -> 9328000
B52: Grand Total | C52: =+C50+C51 -> 1348304106 | D52: =+D50+D51 -> 4.7074311e+08 | E52: =+E50+E51 -> 4.8938126e+08 | F52: =+F50+F51 -> 18638149 | G52: =+G50+G51 -> 5.0427999e+08 | H52: =+H50+H51 -> 14898729 | I52: =+I50+I51 -> 5.0427999e+08 | J52: =+J50+J51 -> 0 | ... AF52: =+AF50+AF51 -> 1.405201e+09
B54: FOOTNOTES BY COLUMN: (continued on the following page)
B55: A: The GOF/DOF Permanent + Carryforward FY18 budget for the unit specified is as of June 2018, including existing provisos and fixed cost budgets the unit may have within its purview. The FY18 Final Permanent + Carryforward GOF/DOF budget does not equal the FY18 total ABB Budget from last spring due to allocations, budget shifts or organizational changes made during the interim period. This column is intended to reflect a "base" for incrementing off of to derive the FY2019 permanent budget makeup, rather than a true picture of available resources for a unit to expend in FY18 due to the inclusion of the carryforward component. Please let OPB know if you would like a list of your unit's allocations for FY18.
B56: B: These numbers are carried over from the prior year's published ABB table, however the cumulative impact of the secondary revenue true up for UWB and UWT has been incorporated into this figure.
B57: C: FY18 Actuals are based on calculated actuals as part of the ABB tuition model. FY18 estimated actual collections are calibrated to the fiscal year end based on June month-end collections. See footnote (1), below for immaterial changes to this column as a result of a technical issue in the SDB system, identified after the preliminary ABB allocation table was published.
B58: D: Tuition true-up for UW Bothell and UW Tacoma will be updated after the close of the fiscal year (true up is based on prior year actual collections), and allocated as a separate transfer.
B59: E: The calculation of the difference between the FY18 actuals and the FY19 Base (projected revenue).
B60: F: The calculated sum of the FY18 base, true-up allocations and the incremental allocation for FY19.
B61: G: Base value reflects the impact of an agreement between the SoM, SoD and the Provost to incrementally address the permanent funding gap between ABB inception and SQ2017 over a period of time
B62: H: Allocations are based on projected incremental summer revenue, plus an agreement between the SoM, SoD and Provost to incrementally address the permanent funding gap between ABB inception and SQ2017 over a period of time
B63: J: These numbers are carried over from the prior year's published ABB Table.
B64: K: This column is the incremental change between the prior year's distribution and the current year's distribution.
B65: L: Calculated as 35 percent of the ICR generated between April 2017 and March 2018.
... B76: (1) Due to an unforeseen technical error within the SDB system that was identified after the release of the preliminary table and after the release of FY2019 projections, minor adjustments have been made to FY18 true ups and FY19 projections.
